 Dungeon Crawl Stone Soup version 0.31-a0-1027-gfb7600b534 (webtiles) character file.

Game seed: 11974671533318444196

1659682 EnegeticOcto the Reanimator (level 25, 135/135 HPs)
             Began as a Felid Chaos Knight on Nov 18, 2023.
             Was a Favourite Plaything of Xom.
             Escaped with the Orb
             ... and 3 runes!
             The game lasted 02:30:54 (68875 turns).

EnegeticOcto the Reanimator (Felid Chaos Knight)   Turns: 68875, Time: 02:30:54

Health: 135/135    AC: 31    Str: 10    XL:     25   Next: 99%
Magic:  51/51      EV: 45    Int: 18    God:    Xom [....*.]
Gold:   5931       SH:  2    Dex: 38    Spells: 13/53 levels left
                                        Lives:  2   Deaths: 7

rFire   + +          +
                       - Unarmed
rCold   + . .        (shield unavailable)
rNeg    + . .        (body armour unavailable)
rPois   ∞            (helmet unavailable)
rElec   +            (cloak unavailable)
rCorr   .            (gloves unavailable)
SInv    +            (boots unavailable)
Will    +++++        H - amulet of regeneration
Stlth   +++          P - ring of Ytsy {AC+4 Int+5 Dex+6}
HPRegen 1.22/turn    d - ring of the Octopus King {rC+ HP+2 AC+2 EV+2 SH+2}
MPRegen 0.32/turn

%: no passive effects
@: statue-form, studying Unarmed Combat, very slow
A: slow and powerful, torment resistance 1, boosted hp, very small, claws 1,
fangs 3, see invisible, (speed 1), (shaggy fur 3), stealthy paws, no weapons or
thrown items, no armour, multi-lived, agile 2, fire resistance 3, high MP 2,
strong-willed 2, mutation resistance 1, passive freeze, poison resistance,
screaming 1, strong 1, wild magic 1, inability to drink after injury 1
0: Orb of Zot
}: 3/15 runes: decaying, serpentine, silver
a: Begin Untransformation, Renounce Religion


You escaped.
You worshipped Xom.
You were a beloved toy of Xom.
You were a living statue of rough stone.
You visited 10 branches of the dungeon, and saw 50 of its levels.

You collected 9262 gold pieces.
You spent 3331 gold pieces at shops.

Inventory:

Jewellery
 d - a ring of the Octopus King (right paw) {rC+ HP+2 AC+2 EV+2 SH+2}
   (You found it on level 5 of the Vaults)

   [ring of protection from cold]

   AC+2:      It affects your AC (+2).
   EV+2:      It affects your evasion (+2).
   rC+:       It protects you from cold.
   HP+2:      It affects your health (+2).
   SH+2:      It affects your SH (+2).
 k - the ring of Nigityp {rCorr Dex+6}
   (You took it off a vault guard on level 5 of the Vaults)

   [ring of dexterity]

   Dex+6:     It affects your dexterity (+6).
   rCorr:     It protects you from acid and corrosion.
 t - a +6 ring of strength
   (You found it on level 1 of the Crypt)
 u - a ring of positive energy
   (You found it on level 5 of the Dungeon)
 x - the ring "Zueddiuts" {rC+ rN+ rCorr Dex+3 SInv}
   (You found it on level 3 of the Crypt)

   [ring of positive energy]

   Dex+3:     It affects your dexterity (+3).
   rC+:       It protects you from cold.
   rN+:       It protects you from negative energy.
   SInv:      It lets you see invisible.
   rCorr:     It protects you from acid and corrosion.
 H - an amulet of regeneration (around neck)
   (You bought it in a shop on level 1 of the Snake Pit)
 J - the ring of Juadij {rN+ EV+5 Int+2}
   (You took it off a deep elf demonologist on level 3 of the Elven Halls)

   [ring of evasion]

   EV+5:      It affects your evasion (+5).
   Int+2:     It affects your intelligence (+2).
   rN+:       It protects you from negative energy.
 L - a ring of resist corrosion
   (You found it on level 12 of the Dungeon)
 O - a ring of protection from fire
   (You bought it in a shop on level 1 of the Snake Pit)
 P - the ring of Ytsy (left paw) {AC+4 Int+5 Dex+6}
   (You found it on level 3 of the Snake Pit)

   [ring of protection]

   AC+4:      It affects your AC (+4).
   Int+5:     It affects your intelligence (+5).
   Dex+6:     It affects your dexterity (+6).
Talismans
 D - a granite talisman (active)
   (You found it on level 10 of the Dungeon)
Wands
 m - a wand of mindburst (18)
   (You took it off Jeremiah on level 9 of the Dungeon)
 s - a wand of flame (31) {@v4}
   (You found it on level 1 of the Elven Halls)
 v - a wand of polymorph (10)
   (You found it on level 5 of the Dungeon)
 A - a wand of iceblast (54) {@v2}
   (You took it off a centaur on level 7 of the Dungeon)
 B - a wand of light (42) {@v1}
   (You found it on level 7 of the Dungeon)
 N - a wand of digging (21) {@v3}
   (You found it on level 3 of the Snake Pit)
Scrolls
 a - 4 scrolls of butterflies
 b - a scroll of revelation {@r5 !r}
 c - 15 scrolls of fear {!r}
 f - 4 scrolls of blinking {@r4}
 h - 6 scrolls of poison
 o - 11 scrolls of amnesia
 p - 5 scrolls of immolation
 q - 7 scrolls of vulnerability
 r - 5 scrolls of fog {!r}
 F - 10 scrolls of teleportation {@r3 !r}
 Q - a scroll of torment
Potions
 e - 2 potions of resistance
 g - 6 potions of brilliance
 i - 2 potions of heal wounds {@q2 !q}
 j - 9 potions of attraction
 l - 16 potions of curing {@q1 !q}
 w - 8 potions of might {@q3 !q}
 z - 3 potions of lignification {@q6}
 C - 3 potions of magic
 E - 3 potions of haste {@q4 !q}
 G - 2 potions of cancellation
 I - 2 potions of enlightenment
 M - 3 potions of berserk rage
 S - 2 potions of mutation
Miscellaneous
 y - a tin of tremorstones (2/2)
   (Xom gifted it to you on level 2 of the Lair of Beasts)
 K - a lightning rod (4/4)
   (You found it on level 3 of the Elven Halls)
 T - a phial of floods
   (You found it on level 5 of the Vaults)
 U - a condenser vane
   (You found it on level 5 of the Vaults)
 V - a phantom mirror
   (You found it on level 5 of the Vaults)


   Skills:
 - Level 14.9 Fighting
 - Level 14.9 Dodging
 - Level 14.9 Stealth
 - Level 14.9 Unarmed Combat
 - Level 14.9 Spellcasting
 - Level 14.9 Conjurations
 - Level 14.9 Necromancy
 - Level 14.9 Translocations
 - Level 14.9 Transmutations
 - Level 14.9 Ice Magic
 - Level 6.0 Air Magic
 + Level 12.2 Earth Magic
 - Level 14.9 Evocations
 - Level 14.9 Shapeshifting


You had 13 spell levels left.
You knew the following spells:

 Your Spells              Type           Power      Damage    Failure   Level
a - Lesser Beckoning      Tloc           100%       N/A       1%          2
b - Borgnjor's Vile Clut  Necr/Erth      34%        N/A       1%          5
c - Death Channel         Necr           36%        N/A       3%          6
d - Dispel Undead         Necr           72%        3d24      1%          4
e - Dispersal             Tloc           36%        N/A       3%          6
f - Vhi's Electric Charg  Tloc/Air       100%       N/A       1%          4
g - Apportation           Tloc           100%       N/A       1%          1
h - Cause Fear            Hex            8%         N/A       52%         4
z - Irradiate             Conj/Tmut      36%        3d23      1%          5
M - Ozocubu's Armour      Ice            72%        N/A       1%          3

Your spell library contained the following spells:

 Spells                   Type           Power      Damage    Failure   Level
 Kiss of Death            Conj/Necr      100%       2d13      1%          1
 Magic Dart               Conj           100%       1d8       1%          1
 Necrotise                Necr           100%       1d9       1%          1
 Sting                    Tmut/Pois      100%       1d8       1%          1
 Cigotuvi's Dreadful Rot  Necr/Pois/Air  100%       N/A       1%          2
 Ensorcelled Hibernation  Hex/Ice        100%       N/A       1%          2
 Searing Ray              Conj           100%       2d8       1%          2
 Static Discharge         Conj/Air       100%       3-8/arc   1%          2
 Wereblood                Tmut           72%        N/A       1%          2
 Gell's Gravitas          Tloc           72%        N/A       1%          3
 Teleport Other           Tloc           72%        N/A       1%          3
 Iskenderun's Mystic Bla  Conj/Tloc      72%        2d15      1%          4
 Petrify                  Tmut/Erth      69%        N/A       1%          4
 Iskenderun's Battlesphe  Conj           72%        2d12      1%          5
 Ignite Poison            Fire/Tmut/Pois 40%        N/A       3%          3
 Arcjolt                  Conj/Air       30%        1d40      3%          5
 Simulacrum               Ice/Necr       36%        N/A       3%          6
 Poisonous Vapours        Pois/Air       62%        N/A       4%          2
 Anguish                  Hex/Necr       25%        N/A       4%          4
 Flame Wave               Conj/Fire      51%        2d13      4%          4
 Fulminant Prism          Conj/Hex       25%        3d14      4%          4
 Sticky Flame             Conj/Fire      51%        2d7       4%          4
 Summon Ice Beast         Ice/Summ       51%        N/A       4%          4
 Bombard                  Conj/Erth      34%        9d6       4%          6
 Leda's Liquefaction      Hex/Erth       23%        N/A       6%          4
 Airstrike                Air            22%        2d(4-20)  7%          4
 Summon Small Mammal      Summ           68%        N/A       8%          1
 Alistair's Intoxication  Tmut/Pois      34%        N/A       10%         5
 Fireball                 Conj/Fire      25%        3d11      10%         5
 Metabolic Englaciation   Hex/Ice        25%        N/A       10%         5
 Summon Forest            Summ/Tloc      25%        N/A       10%         5
 Yara's Violent Unravell  Hex/Tmut       25%        3d11      10%         5
 Jinxbite                 Hex            34%        N/A       12%         2
 Scorch                   Fire           34%        2d6       12%         2
 Orb of Destruction       Conj           36%        9d11      13%         7
 Ozocubu's Refrigeration  Ice            36%        4d15      13%         7
 Call Canine Familiar     Summ           17%        N/A       21%         3
 Confusing Touch          Hex            17%        N/A       21%         3
 Inner Flame              Hex/Fire       17%        N/A       21%         3
 Sigil of Binding         Hex            17%        N/A       21%         3
 Summon Guardian Golem    Hex/Summ       17%        N/A       21%         3
 Tukima's Dance           Hex            17%        N/A       21%         3
 Summon Lightning Spire   Summ/Air       31%        N/A       21%         4
 Eringya's Noxious Bog    Tmut/Pois      25%        4d6       43%         6
 Borgnjor's Revivificati  Necr           36%        N/A       65%         8
 Summon Mana Viper        Hex/Summ       17%        N/A       86%         5
 Haunt                    Necr/Summ      25%        N/A       92%         7
 Malign Gateway           Summ/Tloc      25%        N/A       92%         7
 Spellforged Servitor     Conj/Summ      25%        N/A       92%         7
 Summon Cactus Giant      Summ           8%         N/A       100%        6
 Enfeeble                 Hex            8%         N/A       100%        7
 Monstrous Menagerie      Summ           8%         N/A       100%        7
 Summon Hydra             Summ           8%         N/A       100%        7
 Ignition                 Fire           8%         3d5       100%        8
 Maxwell's Capacitive Co  Air            22%        ∞         100%        8
 Summon Horrible Things   Summ           8%         N/A       100%        8
 Dimensional Bullseye     Hex/Tloc       Unusable   N/A       N/A         4

Dungeon Overview and Level Annotations

Branches:
Dungeon (15/15)            Temple (0/1) D:7            Lair (5/5) D:8
  Swamp (4/4) Lair:2        Snake (4/4) Lair:2        Slime (0/5) Lair:5
    Orc (2/2) D:9             Elf (3/3) Orc:2        Vaults (5/5) D:13
  Crypt (3/3) Vaults:3       Tomb (0/3) Crypt:3      Depths (4/4) D:15
    Zot (5/5) Depths:4

Altars:
Ashenzari
Cheibriados
Dithmenos
Elyvilon
Fedhas
Hepliaklqana
Qazlal
Ru
Sif Muna
Trog
Wu Jian
Xom

Shops:
D:13 !   Orc:1 *   Orc:2 *=(*(   Elf:1 :   Elf:2 [   Snake:1 :=[   Vaults:2 [
Vaults:3 [   Depths:1 *   Depths:4 (

Portals:
Hell: Depths:1 Depths:2 Depths:4
Abyss: Snake:4 Depths:1 Depths:3
Pandemonium: Depths:2 Depths:4

Annotations:
D:5 exclusion: scorpion, Edmund
Snake:4 2 transporters, Elezeri's ghost, adept DrSh
Elf:1 3 runed translucent doors, exclusion: door
Depths:3 exclusions: ancient lich and 2 orange crystal statues


Innate Abilities, Weirdness & Mutations

You are a living statue of rough stone.
Your actions are slow, but your melee attacks are powerful.
You are resistant to unholy torment.
Your maximum health is increased.
You are immune to poison.
You have sharp claws.
You have razor-sharp teeth.
You have supernaturally acute eyesight. (SInv)
((You cover ground quickly. (Speed+)))
((Your thick and shaggy fur keeps you warm. (AC +3, rC+)))
Your paws help you pounce on unaware monsters.
You are incapable of wielding weapons or throwing items.
You cannot wear armour.
You gain extra lives every three experience levels.
You are very agile. (Dex +8, Str/Int -2)
Your flesh is almost immune to the effects of heat. (rF+++)
You have a considerably increased reservoir of magic. (+20% MP)
You are highly strong-willed. (Will++)
You are somewhat resistant to further mutation.
A frigid envelope surrounds you and freezes all who hurt you.
Your system is resistant to poisons. (rPois)
You occasionally shout uncontrollably at your foes.
Your muscles are strong. (Str +4, Int/Dex -1)
Your spells are a little harder to cast, but a little more powerful.
You occasionally lose the ability to drink potions when taking damage.


Message History

You climb upwards.
There is a stone staircase leading down, spattered with blood here.
You see here a +1 demon whip of venom.
You are now a beloved toy of Xom.
(D) Dungeon (T) Temple (L) Lair (S) Swamp (P) Snake Pit (M) Slime Pits (O) Orcish Mines (E) Elven Halls (V) Vaults (C) Crypt (W) Tomb (U) Depths (H) Hell (Z) Zot
Where to? (Tab/Enter - D:1 @ (x,y), ? - help)
There is a stone staircase leading up here.
You climb upwards.
There is a stone staircase leading down here.
Things that are here:
a stone; a +0 dagger
There is a stone staircase leading up here.
You climb upwards.
There is a stone staircase leading down here.
There is a stone staircase leading up here.
You see here a +0 club.
You see here a +0 orcbow.
There is a stone staircase leading up here.
You climb upwards.
Level annotation: exclusion: scorpion, Edmund
There is a stone staircase leading down here.
There is an open door here.
There is an open door here.
There is a stone staircase leading up here.
You climb upwards.
There is a stone staircase leading down here.
An Executioner comes into view.
Unknown command.
The Executioner gestures.
The Executioner seems to speed up.
Charge where?
Press: ? - help, Q - select action, (/) - cycle Dir - move target, f - Executioner
Aim: an Executioner (fast, 79% to hit)
You charge forward with an electric crackle!
You claw the Executioner! You claw the Executioner.
You bite the Executioner, but do no damage.
The Executioner is moderately wounded.
The Executioner completely misses you. x2
The Executioner hits you but does no damage.
The Executioner resists.
The Executioner is very cold.
The Executioner is moderately wounded.
The Executioner misses you. The Executioner barely misses you.
The Executioner hits you but does no damage.
The Executioner completely misses you. x5
The Executioner hits you but does no damage.
The Executioner resists.
The Executioner is very cold.
The Executioner is heavily wounded.
You mangle the Executioner!!
The Executioner is almost dead.
The Executioner hits you!
The Executioner resists.
The Executioner is very cold.
The Executioner is almost dead.
The Executioner hits you but does no damage.
The Executioner resists.
The Executioner is very cold.
The Executioner is almost dead.
The Executioner completely misses you. x2; The Executioner misses you.
The Executioner completely misses you.
The Executioner hits you but does no damage.
The Executioner resists.
The Executioner is very cold.
The Executioner is almost dead.
The Executioner misses you.
The Executioner hits you but does no damage.
The Executioner resists.
The Executioner is very cold.
You kill the Executioner!
(D) Dungeon (T) Temple (L) Lair (S) Swamp (P) Snake Pit (M) Slime Pits (O) Orcish Mines (E) Elven Halls (V) Vaults (C) Crypt (W) Tomb (U) Depths (H) Hell (Z) Zot
Where to? (Tab/Enter - D:1 @ (x,y), ? - help)
There is a stone staircase leading up here.
You climb upwards.
There is a stone staircase leading down here.
Magic restored.
HP restored.
A Hell Sentinel comes into view.
Unknown command.
There is a stone staircase leading up here.
You see here a scroll of noise.
The Hell Sentinel gestures at you.
The sphere of damnation explodes!
The damnation engulfs you!!!
You climb upwards.
There is a stone staircase leading down here.
(D) Dungeon (T) Temple (L) Lair (S) Swamp (P) Snake Pit (M) Slime Pits (O) Orcish Mines (E) Elven Halls (V) Vaults (C) Crypt (W) Tomb (U) Depths (H) Hell (Z) Zot
Where to? (Tab/Enter - D:1 @ (x,y), ? - help)
There is an open door here.
HP restored.
There is a stone staircase leading up here.
You climb upwards.
There is a stone staircase leading down here.
There is an open door here.
There is a staircase leading out of the dungeon here.
Unknown command.
You have escaped!

...#..## #..#####.#####..#
.......# #..#...#.#...#..#
..)#...# #..#.>.#.'...#..#
#.##...# #..#...#.#...#..#
......######..##'##.#####..#
.#.#..#...................^#
#####...####..#####.##'##..#
......#.......#...#.#...#..#
.####.#.####..#.8.'.#...#..#
.#..#.#.# #>.#...#.#...#..#
†#..#.#.# ##.#####.#####..#
.#..#.#.# #..............#
.#..#.#.# #########.....)#
.#..#.#.# ######## ....#.#.#
.##.#.#.# ....#...#


There were no monsters in sight!

Vanquished Creatures
  2 dread liches (Vaults:5)
  An ancient lich (Vaults:5)
  An orb of fire (Zot:2)
  Vv (Crypt:2)
  Sojobo (Depths:4)
  Boris (Depths:4)
  Vashnia (Snake:4)
  Frederick (Vaults:2)
  Margery (Crypt:2)
  2 curse toes (Zot:4)
  Nikola (Swamp:4)
  Jory (Crypt:3)
  8 golden dragons
  3 doom hounds (Depths:4)
  A Brimstone Fiend (Zot:4)
  A bone dragon (Depths:4)
  2 electric golems
  Rupert (D:12)
  6 liches
  2 walking earthen tomes
  Mlioglotl (Snake:3)
  16 tentacled monstrosities
  10 Orb Guardians
  Asterion (Snake:1)
  2 titans (Vaults:5)
  4 deep elf blademasters
  2 Executioners
  Grunn (Depths:4)
  6 quicksilver dragons
  3 deep elf master archers (Elf:3)
  Gastronok (D:11)
  6 death cobs
  Agnes (Snake:4)
  5 sphinxes
  4 ancient champions
  Aizul (Snake:3)
  2 thorn hunters
  6 tengu reavers
  11 storm dragons
  Donald (Elf:3)
  4 fire giants
  7 shadow dragons
  2 nagarajas (Snake:4)
  3 revenants
  A fenstrider witch (Swamp:1)
  A draconian knight (Zot:4)
  13 vault wardens
  5 draconian monks
  5 deep elf sorcerers (Elf:3)
  2 spectral juggernauts (Depths:3)
  4 frost giants
  A draconian shifter (Zot:4)
  2 draconian stormcallers (Zot:2)
  Louise (Snake:3)
  6 iron dragons
  2 juggernaut zombies
  A spectral caustic shrike (Depths:3)
  A ghost moth (Zot:4)
  A draconian scorcher (Depths:4)
  5 deep elf elementalists
  2 curse skulls
  7 ghouls
  2 spriggan defenders
  8 draconian annihilators
  13 stone giants
  3 war gargoyles
  A juggernaut skeleton (Depths:2)
  19 ironbound preservers
  A formless jellyfish (Vaults:2)
  15 very ugly things
  11 ironbound thunderhulks
  2 deep elf demonologists
  22 vampire knights
  The ghost of stendehmen the Thaumaturge, a journeyman DECj of Vehumet (D:14)
  4 green draconians
  11 black draconians
  A rockslime zombie (Crypt:1)
  5 dire elephants
  9 deep elf annihilators
  4 eleionomae
  A spectral titan (Depths:3)
  5 spark wasps
  12 deep elf death magi
  A minotaur (shapeshifter) (Vaults:2)
  5 purple draconians
  5 white draconians
  3 bunyips
  6 red draconians
  5 yellow draconians
  6 eidola
  Snorg (D:10)
  A spectral quicksilver dragon (Depths:3)
  2 green deaths (Swamp:4)
  5 ettins
  2 entropy weavers
  11 jiangshi
  5 deep elf high priests
  16 yaktaur captains
  4 fire dragons
  5 spectral golden dragons (Depths:3)
  An entropy weaver (shapeshifter) (Vaults:5)
  39 vault guards
  3 rakshasas
  Harold (D:10)
  7 great orbs of eyes
  3 spectral spriggans (Depths:3)
  3 caustic shrike simulacra
  6 ice dragons
  A spectral shadow dragon (Depths:3)
  2 spectral sphinxes (Depths:3)
  21 hydras
  3 peacekeepers
  5 salamander tyrants (Snake:4)
  7 spriggan air magi
  4 ghost crabs
  2 juggernaut simulacra (Depths:3)
  A spectral tengu (Depths:3)
  A fenstrider witch skeleton (Crypt:2)
  Erica (D:10)
  5 ogre magi
  10 anacondas
  Erolcha (D:9)
  4 catoblepae
  9 ironbound frosthearts
  6 alligators
  3 death knights
  15 centaur warriors
  5 boulder beetles
  24 dancing weapons
  2 spriggan skeletons
  A bennu zombie (Crypt:3)
  22 two-headed ogres
  6 deep troll earth magi
  A demonic crawler (D:15)
  11 naga warriors
  10 deep troll shamans
  13 vampire magi
  An occultist (Depths:2)
  11 tengu warriors
  3 spectral fire giants (Depths:3)
  A bennu skeleton (Crypt:2)
  15 death yaks
  A titan zombie (Depths:1)
  10 deep elf knights
  11 naga sharpshooters
  2 spectral storm dragons (Depths:3)
  8 spriggan berserkers
  10 soul eaters
  Sonja (D:11)
  A thrashing horror (Swamp:4)
  5 shock serpents
  A storm dragon zombie (Crypt:3)
  Amaemon (D:8)
  A shadow wraith (Crypt:3)
  2 spectral spark wasps (Depths:3)
  8 hell knights
  27 spriggans
  A golden dragon zombie (Crypt:3)
  22 skeletal warriors
  6 iron trolls
  A spark wasp zombie (Crypt:3)
  6 flayed ghosts
  A large abomination (Swamp:4)
  2 sea snakes (shapeshifter)
  A sixfirhy (Depths:4)
  4 spriggan druids
  3 salamander mystics
  2 shadow demons
  4 spriggan simulacra
  A death drake (shapeshifter) (Elf:2)
  A shadow dragon zombie (Depths:1)
  3 bunyip zombies
  50 deep trolls
  5 goliath frogs
  7 swamp dragons
  2 spectral iron dragons (Depths:3)
  5 arcanists
  9 bog bodies
  2 glowing orange brains
  17 ironbound convokers
  22 phantasmal warriors
  5 orc knights
  5 naga ritualists
  11 lindwurms
  17 mana vipers
  29 deep elf pyromancers
  A goliath frog zombie (Crypt:1)
  15 deep elf archers
  30 deep elf zephyrmancers
  11 necromancers
  2 sphinx simulacra (Depths:3)
  5 harpies (Vaults:2)
  An iron dragon zombie (Crypt:3)
  30 ugly things
  26 salamanders
  3 orc sorcerers
  2 will-o-the-wisps
  A tengu skeleton (Vaults:2)
  17 moths of wrath
  2 oklob plants (Lair:5)
  2 cyclopes
  2 elephants (shapeshifter)
  A mana viper (shapeshifter) (D:15)
  41 black mambas
  4 elephants (Lair:5)
  3 centaur zombies (Crypt:3)
  A stone giant skeleton (Crypt:2)
  Maurice (D:8)
  A titan simulacrum (Depths:3)
  6 guardian serpents (Snake:4)
  18 naga magi
  3 smoke demons
  12 vault sentinels
  An alligator snapping turtle zombie (Crypt:3)
  A storm dragon simulacrum (Depths:3)
  An elephant slug zombie (Crypt:2)
  4 orange demons
  5 rime drakes
  3 human zombies
  8 komodo dragons
  Jeremiah (D:9)
  A pale draconian zombie (Crypt:1)
  A grey draconian zombie (Crypt:2)
  9 cane toads
  4 freezing wraiths
  20 yaktaurs
  2 hellions
  A kobold demonologist (D:10)
  A rime drake (shapeshifter) (Elf:2)
  4 spectral glowing shapeshifters (Depths:3)
  2 anaconda simulacra (Swamp:3)
  A tormentor (Zot:4)
  A mana viper zombie (Crypt:3)
  2 golden dragon simulacra
  A spectral human (Depths:1)
  11 trolls
  6 tengu conjurers
  3 polar bears
  21 hornets
  A queen bee (Lair:5)
  8 tyrant leeches
  2 shadow dragon simulacra
  4 glass eyes
  A hornet (shapeshifter) (D:14)
  An iron dragon simulacrum (Depths:4)
  2 tengu simulacra
  A harpy skeleton (Crypt:2)
  A fire dragon zombie (Crypt:2)
  A blink frog (Lair:4)
  6 dream sheep (Lair:5)
  A fire giant simulacrum (Depths:1)
  A stone giant simulacrum (Vaults:5)
  43 slime creatures
  2 shadows
  22 vampires (Crypt:3)
  7 flying skulls (Crypt:1)
  35 yaks
  4 wyverns
  6 air elementals
  6 fire elementals
  3 dire elephant simulacra
  9 wraiths
  A hog (Lair:5)
  2 ynoxinuls (Depths:4)
  2 basilisks
  5 water elementals
  An ettin skeleton (Vaults:5)
  A redback (Vaults:1)
  18 vampire mosquitoes
  2 elf zombies
  A steam dragon (D:7)
  3 harpy simulacra
  A minotaur simulacrum (Swamp:3)
  A human simulacrum (Vaults:2)
  A wind drake skeleton (Crypt:1)
  2 naga zombies (Crypt:1)
  14 swamp worms
  51 nagas
  3 wargs
  16 water moccasins
  Duvessa (D:4)
  An entropy weaver zombie (Vaults:5)
  An ettin simulacrum (Crypt:1)
  An ice beast (D:8)
  A sky beast (D:7)
  4 black bears
  15 orc warriors
  A swamp drake (shapeshifter) (Vaults:5)
  A snapping turtle zombie (Crypt:2)
  5 boggarts
  13 wolves
  A dream sheep skeleton (Crypt:2)
  2 swamp dragon skeletons
  25 ogres
  13 centaurs
  A fire crab zombie (Crypt:2)
  4 kobold brigands
  A gnoll sergeant (D:9)
  11 bullfrogs
  A human skeleton (Vaults:2)
  3 necrophages
  A komodo dragon skeleton (Crypt:3)
  4 earth elementals
  3 scorpions
  A troll zombie (Crypt:1)
  4 wights
  A water moccasin zombie (Crypt:2)
  Dowan (D:4)
  A water moccasin skeleton (Crypt:3)
  4 electric eels (Lair:4)
  8 killer bees
  A howler monkey (D:10)
  A wolf zombie (Crypt:1)
  A yak skeleton (Crypt:3)
  3 hounds
  14 orc priests
  A jelly (D:6)
  3 iguanas
  14 orc wizards
  7 gnolls
  7 adders
  A shadow imp (D:6)
  A white imp (D:7)
  2 iguana zombies
  A jelly zombie (Crypt:3)
  An iguana skeleton (Crypt:1)
  The ghost of Azuregosa the Sneak, a weakling OpDe (D:5)
  A dart slug (D:2)
  58 orcs
  12 endoplasms
  2 giant cockroaches
  4 goblins
  11 hobgoblins
  5 jackals (D:2)
  6 quokkas
  10 ball pythons
  10 bats
  3 frilled lizards
  A goblin skeleton (Crypt:1)
  22 kobolds
  6 rats
2046 creatures vanquished.

Vanquished Creatures (collateral kills)
  Josephina (Depths:4)
  An Orb Guardian (Zot:5)
  A death cob (Zot:4)
  A shadow dragon (Zot:4)
  A tengu reaver (Depths:2)
  A storm dragon (Vaults:5)
  A draconian shifter (Depths:4)
  An iron dragon (Vaults:5)
  An ironbound preserver (Vaults:3)
  A very ugly thing (Vaults:5)
  A white draconian (Depths:4)
  A fire dragon (Depths:2)
  A yaktaur captain (Vaults:5)
  A deep elf high priest (Depths:4)
  A hydra (Lair:4)
  An ice dragon (Depths:4)
  2 ironbound frosthearts
  An alligator (Lair:2)
  A naga warrior (Snake:1)
  A naga sharpshooter (Snake:4)
  A deep troll earth mage (Depths:2)
  A soul eater (Depths:3)
  An iron troll (Depths:4)
  A flayed ghost (Depths:2)
  A fire crab (Lair:2)
  8 deep trolls
  A deep elf zephyrmancer (Elf:2)
  A necromancer (Depths:2)
  A deep elf pyromancer (Elf:1)
  A manticore (Lair:2)
  A vault sentinel (Vaults:4)
  A black mamba (Lair:2)
  An orange demon (Swamp:4)
  A rime drake (Lair:2)
  A komodo dragon (Lair:2)
  A kobold demonologist (D:10)
  A hornet (Lair:2)
  2 tyrant leeches
  A spriggan (Swamp:2)
  4 yaks
  A wyvern (D:8)
  A basilisk (D:8)
  A steam dragon (Lair:2)
  2 nagas (Snake:4)
  A water moccasin (Lair:5)
  A black bear (D:8)
  A wolf (Lair:2)
  A kobold brigand (D:10)
  A scorpion (Lair:2)
  4 orcs
  4 kobolds
  A butterfly (Lair:2)
71 creatures vanquished.

Vanquished Creatures (others)
  A fire giant (Depths:3)
  A very ugly thing (Swamp:4)
  A deep elf demonologist (Elf:2)
  A black draconian (Zot:2)
  A deep elf annihilator (Elf:3)
  An ettin (Depths:1)
  An ice dragon (Depths:4)
  2 dancing weapons
  A deep elf knight (Elf:1)
  A skeletal warrior (Crypt:1)
  A bog body (Swamp:4)
  An ugly thing (Swamp:4)
  A naga mage (Snake:4)
  A freezing wraith (Crypt:1)
  2 bloated husks
  2 water elementals
  2 yaks (D:10)
  2 humans (Lair:5)
  A swamp worm (Swamp:2)
  A necrophage (Crypt:1)
  An orc priest (Orc:2)
  6 foxfires (Swamp:1)
32 creatures vanquished.

Grand Total: 2149 creatures vanquished

Notes
Turn   | Place    | Note
-------+----------+-------------------------------------------
     0 | D:1      | EnegeticOcto the Felid Chaos Knight began the quest for the
                  | Orb.
     0 | D:1      | Reached XP level 1. HP: 10/10 MP: 2/2
    18 | D:1      | XOM: smoke on damage
    47 | D:1      | Reached skill level 1 in Stealth
    95 | D:1      | Reached skill level 2 in Stealth
   216 | D:1      | Reached XP level 2. HP: 14/14 MP: 3/3
   290 | D:1      | XOM: divination: detect items
   332 | D:1      | Reached skill level 3 in Stealth
   606 | D:1      | XOM: noise
   626 | D:1      | XOM: noise
   827 | D:2      | Reached XP level 3. HP: 17/17 MP: 4/4
   901 | D:2      | XOM: butterfly on damage
   901 | D:2      | XOM: smoke on damage
  1023 | D:2      | Found a shimmering blue altar of Sif Muna.
  1168 | D:2      | XOM: silly message
  1311 | D:2      | Reached skill level 4 in Dodging
  1354 | D:2      | XOM: silly message
  1427 | D:2      | XOM: silly message
  1486 | D:2      | XOM: silly message
  1536 | D:2      | Reached XP level 4. HP: 21/21 MP: 5/5
  2102 | D:3      | XOM: cloud trail
  2248 | D:3      | Found a faded altar of an unknown god.
  2367 | D:3      | XOM: silly message
  2437 | D:3      | Reached skill level 4 in Unarmed Combat
  2624 | D:3      | Found a faded altar of an unknown god.
  2628 | D:3      | Found a snail-covered altar of Cheibriados.
  2676 | D:3      | XOM: divination: magic mapping
  2927 | D:4      | XOM is BORED!
  2927 | D:4      | XOM: noise
  2950 | D:4      | XOM: silly message
  3168 | D:4      | Noticed Dowan
  3268 | D:4      | Reached skill level 5 in Dodging
  3287 | D:4      | Noticed an ogre
  3291 | D:4      | XOM: enchant monster (good)
  3292 | D:4      | XOM: butterfly on damage
  3315 | D:4      | XOM: confuse monster(s)
  3320 | D:4      | XOM: confuse monster(s)
  3334 | D:4      | XOM: divination: magic mapping
  3338 | D:4      | XOM: cast spell 'Olgreb's Toxic Radiance'
  3360 | D:4      | Slain by an ogre
  3378 | D:4      | XOM: divination: detect items
  3560 | D:4      | XOM: chaos upgrade
  3623 | D:5      | Entered Level 5 of the Dungeon
  3689 | D:5      | Noticed a scorpion
  3744 | D:5      | Noticed a scorpion
  3745 | D:5      | XOM: summons friendly shadow imp
  3754 | D:5      | Killed a scorpion
  3755 | D:5      | Reached XP level 5. HP: 20/24 MP: 4/6
  4023 | D:5      | Reached skill level 5 in Unarmed Combat
  4047 | D:5      | XOM: 1-stop teleportation journey
  4065 | D:5      | Gained mutation: You are covered in thick fur. (AC +2)
                  | [Felid growth]
  4065 | D:5      | Reached XP level 6. HP: 28/28 MP: 7/7
  4133 | D:5      | Found a runed translucent door.
  4187 | D:5      | Noticed Azuregosa's ghost (weakling OpDe)
  4204 | D:5      | Reached skill level 1 in Spellcasting
  4249 | D:5      | Noticed Edmund
  4256 | D:5      | XOM: 2-stop teleportation journey
  4434 | D:6      | XOM: summons friendly crimson imp
  4442 | D:6      | Reached skill level 4 in Stealth
  4446 | D:6      | Reached skill level 4 in Fighting
  4620 | D:6      | Reached XP level 7. HP: 20/33 MP: 4/9
  4760 | D:6      | XOM: torment (23/33 hp)
  4828 | D:6      | XOM: summons friendly iron imp
  4905 | D:6      | XOM: noise
  4920 | D:6      | XOM: smoke on damage
  4946 | D:6      | XOM: silly message
  5030 | D:6      | Reached skill level 5 in Fighting
  5030 | D:6      | Reached skill level 6 in Dodging
  5033 | D:6      | XOM: swap monsters
  5039 | D:6      | XOM: repel stairs
  5041 | D:6      | XOM: confusion
  5045 | D:6      | XOM: confusion (+ monsters)
  5066 | D:6      | Reached skill level 6 in Unarmed Combat
  5066 | D:6      | Reached skill level 2 in Spellcasting
  5111 | D:6      | Found a shimmering blue altar of Sif Muna.
  5130 | D:6      | XOM: silly message
  5380 | D:6      | XOM: silly message
  5423 | D:7      | XOM: cloud trail
  5462 | D:7      | XOM: confuse monster(s)
  5469 | D:7      | Reached skill level 7 in Dodging
  5469 | D:7      | Reached XP level 8. HP: 37/37 MP: 12/12
  5510 | D:7      | XOM: polymorph kobold -> bat
  5604 | D:7      | Found a white marble altar of Elyvilon.
  5675 | D:7      | XOM: cast spell 'Call Canine Familiar'
  5686 | D:7      | Reached skill level 7 in Unarmed Combat
  5719 | D:7      | XOM: snakes to sticks
  5736 | D:7      | Found a hazy altar of Hepliaklqana.
  5797 | D:7      | Found a sacrificial altar of Ru.
  5810 | D:7      | XOM: 7-stop teleportation journey
  5811 | D:7      | Noticed a hornet
  5816 | D:7      | Killed a hornet
  5817 | D:7      | Reached skill level 8 in Dodging
  6088 | D:7      | XOM: confusion (+ monsters)
  6104 | D:7      | XOM: butterfly on damage
  6106 | D:7      | Reached skill level 8 in Unarmed Combat
  6106 | D:7      | Reached skill level 1 in Evocations
  6225 | D:7      | Found a staircase to the Ecumenical Temple.
  6391 | D:8      | Reached skill level 2 in Evocations
  6395 | D:8      | Reached XP level 9. HP: 28/40 MP: 10/14
  6399 | D:8      | Reached skill level 3 in Spellcasting
  6404 | D:8      | Found a staircase to the Lair.
  6480 | D:8      | Found a broken altar of Ashenzari.
  6487 | D:8      | Found an ornate altar of the Wu Jian Council.
  6552 | D:8      | Reached skill level 3 in Evocations
  6607 | D:8      | XOM: confuse monster(s)
  6804 | D:8      | Noticed Maurice
  6819 | D:8      | Killed Maurice
  6820 | D:8      | Reached skill level 6 in Fighting
  6868 | D:8      | Reached skill level 4 in Spellcasting
  6868 | D:8      | Reached skill level 4 in Evocations
  6948 | D:8      | XOM: summons 7 friendly demons
  7071 | D:8      | Reached skill level 9 in Unarmed Combat
  7321 | D:9      | Identified the "Xacs"
  7321 | D:9      | Noticed Jeremiah
  7339 | D:8      | XOM: scenery: 1 doors close
  7380 | D:9      | Noticed a purple ugly thing
  7549 | D:9      | XOM: polymorph steam dragon -> wolf
  7559 | D:9      | Reached skill level 5 in Evocations
  7632 | D:9      | Killed Jeremiah
  7633 | D:9      | Reached skill level 7 in Fighting
  7700 | D:9      | Noticed Amaemon
  7707 | D:9      | XOM: summons friendly crimson imp
  7771 | D:9      | XOM: destruction
  7790 | D:9      | XOM: fog
  7841 | D:7      | XOM: give mutation
  7841 | D:7      | Gained mutation: Your spells are a little harder to cast,
                  | but a little more powerful. [Xom's mischief]
  7905 | D:8      | Reached XP level 10. HP: 29/44 MP: 10/17
  8111 | D:9      | Found a staircase to the Orcish Mines.
  8197 | D:9      | XOM: scenery: summon butterflies
  8283 | D:9      | XOM: scenery: 2 fountains blood, 1 doors close
  8310 | D:9      | XOM: summons friendly crimson imp
  8390 | D:9      | XOM is BORED!
  8390 | D:9      | XOM: enchant monster (bad)
  8408 | D:9      | Noticed Erolcha
  8424 | D:9      | HP: 1/47 [gnoll sergeant/+0 spear (4)]
  8432 | D:9      | Slain by a gnoll sergeant
  8657 | D:9      | XOM: 1-stop teleportation journey
  8728 | D:10     | Entered Level 10 of the Dungeon
  8839 | D:10     | XOM: cast spell 'Summon Mana Viper'
  8856 | D:10     | Reached skill level 5 in Stealth
  8857 | D:10     | XOM: confuse monster(s)
  8896 | D:10     | Noticed a sun demon
  8898 | D:10     | XOM: smoke on damage
  8900 | D:10     | Reached skill level 6 in Evocations
  9001 | D:10     | Found a stormy altar of Qazlal.
  9001 | D:10     | Found a blossoming altar of Fedhas.
  9002 | D:10     | Noticed Erica
  9003 | D:10     | XOM: divination: detect items
  9016 | D:10     | Killed Erica
  9017 | D:10     | Reached skill level 9 in Dodging
  9017 | D:10     | Reached skill level 6 in Stealth
  9085 | D:10     | XOM: noise
  9143 | D:10     | Noticed Snorg
  9149 | D:10     | Killed Snorg
  9150 | D:10     | Reached skill level 8 in Fighting
  9150 | D:10     | Reached skill level 10 in Unarmed Combat
  9224 | D:10     | Reached skill level 1 in Shapeshifting
  9253 | D:10     | Reached skill level 2 in Shapeshifting
  9259 | D:10     | XOM: summons friendly iron imp
  9260 | D:10     | XOM: polymorph iron imp -> white imp
  9264 | D:10     | XOM: scenery: create altars
  9267 | D:10     | XOM: cast spell 'Summon Mana Viper'
  9270 | D:10     | Reached skill level 3 in Shapeshifting
  9542 | D:10     | XOM: confuse monster(s)
  9555 | D:10     | XOM: smoke on damage
  9558 | D:10     | Reached skill level 4 in Shapeshifting
  9629 | D:10     | XOM: destruction
  9634 | D:10     | XOM: fog
  9637 | D:10     | Reached XP level 11. HP: 49/52 MP: 16/18
  9641 | D:10     | XOM: smoke on damage
  9647 | D:10     | XOM: summons 2 friendly demons
  9651 | D:10     | XOM: scenery: summon butterflies
  9672 | D:10     | XOM: fog
  9677 | D:10     | XOM: divine lightning
  9685 | D:10     | Reached skill level 5 in Shapeshifting
  9762 | D:10     | Identified the +7 long sword "Kiucwew" {heavy, Str+4 Int+3}
  9774 | D:10     | Noticed Harold
  9784 | D:10     | XOM: summons friendly quasit
  9790 | D:10     | Killed Harold
  9830 | D:9      | Reached skill level 6 in Shapeshifting
  9995 | D:8      | XOM: confuse monster(s)
  9996 | D:8      | Killed Amaemon
 10168 | D:9      | XOM: god gift: scroll of noise
 10288 | D:10     | Reached skill level 7 in Shapeshifting
 10400 | D:10     | XOM: noise
 10695 | Lair:1   | Entered Level 1 of the Lair of Beasts
 10820 | Lair:1   | XOM: silly message
 10867 | Lair:1   | Noticed a boulder beetle
 10874 | Lair:1   | XOM: butterfly on damage
 10877 | Lair:1   | Killed a boulder beetle
 10878 | Lair:1   | Reached skill level 8 in Shapeshifting
 10903 | Lair:1   | XOM: divination: magic mapping
 11278 | Lair:1   | XOM: potion effect (attraction)
 11290 | Lair:1   | Reached skill level 9 in Shapeshifting
 11356 | Lair:1   | XOM: silly message
 11475 | Lair:1   | XOM: silly message
 11479 | Lair:1   | XOM: silly message
 11606 | Lair:1   | XOM: noise
 11678 | Lair:1   | XOM: silly message
 11894 | Lair:2   | Identified the "Deagha Yvonu"
 11946 | Lair:2   | Found a staircase to the Snake Pit.
 11990 | Lair:2   | Reached skill level 10 in Shapeshifting
 12374 | Lair:2   | XOM: smoke on damage
 12795 | Lair:2   | Found a staircase to the Swamp.
 12886 | Lair:2   | Noticed a catoblepas
 12912 | Lair:2   | XOM: butterfly on damage
 12944 | Lair:1   | XOM: give mutation
 12944 | Lair:1   | Gained mutation: You are strong-willed. (Will+) [Xom's
                  | grace]
 13234 | Lair:2   | XOM: god gift: tin of tremorstones (2/2)
 13325 | Lair:2   | XOM: scenery: create altars
 13389 | Lair:2   | XOM: 9-stop teleportation journey
 13441 | Lair:2   | Reached skill level 11 in Shapeshifting
 13441 | Lair:2   | Gained mutation: Your thick and shaggy fur keeps you warm.
                  | (AC +3, rC+) [Felid growth]
 13441 | Lair:2   | Reached XP level 12. HP: 56/56 MP: 19/19
 13563 | Lair:2   | XOM: chaos cloud
 13670 | Lair:3   | XOM: scenery: summon butterflies
 13758 | Lair:3   | Noticed a six-headed hydra
 13921 | Lair:3   | Noticed a seven-headed hydra
 13934 | Lair:3   | XOM: confuse monster(s)
 13942 | Lair:3   | Killed a seven-headed hydra
 13944 | Lair:3   | XOM: stat loss: -1 Dex (18/19)
 14083 | Lair:3   | XOM: 3-stop teleportation journey
 14121 | Lair:3   | XOM: summons 12 friendly demons
 14126 | Lair:3   | XOM: enchant monster (bad)
 14150 | Lair:2   | XOM: enchant monster (good)
 14158 | Lair:2   | XOM: divination: detect items
 14176 | Lair:2   | XOM: summons 3 friendly demons
 14610 | Lair:3   | Noticed a death yak
 14610 | Lair:3   | Noticed a death yak
 14610 | Lair:3   | Noticed a death yak
 14775 | Lair:3   | Reached skill level 12 in Shapeshifting
 14853 | Lair:3   | XOM: confuse monster(s)
 14960 | Lair:2   | XOM: cast spell 'Summon Dragon'
 15054 | Lair:2   | Noticed a dire elephant
 15054 | Lair:2   | Noticed an alligator
 15054 | Lair:2   | Noticed a death yak
 15058 | Lair:2   | Reached skill level 5 in Spellcasting
 15059 | Lair:2   | Killed an alligator
 15067 | Lair:2   | XOM: silly message
 15070 | Lair:2   | Killed a dire elephant
 15071 | Lair:2   | Killed a death yak
 15072 | Lair:2   | Reached skill level 6 in Spellcasting
 15256 | Lair:2   | Reached skill level 13 in Shapeshifting
 15291 | Lair:3   | Noticed a death yak
 15292 | Lair:3   | Noticed a death yak
 15380 | Lair:4   | Noticed a six-headed hydra
 15387 | Lair:4   | XOM: summons 3 friendly demons
 15390 | Lair:4   | Killed a six-headed hydra
 15399 | Lair:4   | Noticed an eight-headed hydra
 15408 | Lair:4   | Killed an eight-headed hydra
 15564 | Lair:4   | Identified the staff of the Glimmering Seer {rElec Int+4
                  | Dex+4 Stlth+ Conj} (Xom gifted it to you on level 4 of the
                  | Lair of Beasts)
 15564 | Lair:4   | XOM: god gift: staff of the Glimmering Seer {rElec Int+4
                  | Dex+4 Stlth+ Conj}
 15569 | Lair:4   | XOM: enchant monster (good)
 15632 | Lair:4   | Noticed a seven-headed hydra
 15640 | Lair:4   | Killed a seven-headed hydra
 15641 | Lair:4   | Reached skill level 7 in Spellcasting
 15729 | Lair:4   | Noticed Urug
 15730 | Lair:4   | Urug changed into Urug the yaktaur
 15730 | Lair:4   | Noticed Urug
 15733 | Lair:4   | Urug the yaktaur changed into Urug the entropy weaver
 15733 | Lair:4   | Noticed Urug
 15733 | Lair:4   | XOM: polymorph Urug the yaktaur -> Urug the entropy weaver
 15736 | Lair:4   | Urug the entropy weaver changed into Urug the blink frog
 15736 | Lair:4   | Noticed Urug
 15738 | Lair:4   | Killed Urug the blink frog
 15945 | Lair:4   | Noticed an eight-headed hydra
 15953 | Lair:4   | Killed an eight-headed hydra
 16180 | Lair:4   | Reached XP level 13. HP: 58/59 MP: 25/25
 16261 | Lair:5   | Entered Level 5 of the Lair of Beasts
 16263 | Lair:5   | XOM: scenery: create altars
 16268 | Lair:5   | XOM: destruction
 16280 | Lair:5   | XOM: cast spell 'Summon Ice Beast'
 16281 | Lair:5   | XOM: smoke on damage
 16282 | Lair:5   | XOM: noise
 16363 | Lair:5   | XOM: noise
 16398 | Lair:5   | Reached skill level 8 in Spellcasting
 16398 | Lair:5   | Reached skill level 14 in Shapeshifting
 16412 | Lair:5   | XOM: summons 7 hostile demons
 16458 | Lair:5   | Noticed Kirke
 16706 | Lair:5   | XOM: torment (53/63 hp)
 16772 | Lair:5   | XOM: summons 4 hostile demons
 16883 | Lair:5   | Reached skill level 10 in Dodging
 16910 | Lair:5   | Reached skill level 9 in Fighting
 17118 | Lair:5   | XOM: cast spell 'Alistair's Intoxication'
 17129 | Lair:5   | XOM: cleaving
 17134 | Lair:5   | XOM: potion effect (heal wounds)
 17154 | Lair:5   | XOM: 7-stop teleportation journey
 17156 | Lair:5   | XOM: polymorph deep troll shaman -> ice dragon
 17282 | Lair:5   | XOM: enchant monster (good)
 17288 | Lair:5   | Reached skill level 11 in Dodging
 17344 | Lair:5   | Reached skill level 11 in Unarmed Combat
 17492 | Lair:5   | XOM: cloud trail
 17529 | Lair:5   | Reached XP level 14. HP: 65/65 MP: 27/27
 17530 | Lair:5   | Kirke changed into Kirke the dire elephant
 17530 | Lair:5   | Noticed Kirke
 17530 | Lair:5   | XOM: polymorph Kirke -> Kirke the dire elephant
 17548 | Lair:5   | Killed Kirke the dire elephant
 17591 | Lair:5   | Reached skill level 10 in Fighting
 17621 | Lair:5   | XOM: 1-stop teleportation journey
 17635 | Lair:5   | XOM: enchant monster (good)
 17875 | Lair:5   | XOM: give mutation
 17875 | Lair:5   | Gained mutation: A frigid envelope surrounds you and
                  | freezes all who hurt you. [Xom's mischief]
 18515 | D:4      | Noticed Duvessa
 18520 | D:4      | Killed Duvessa
 18523 | D:4      | Killed Dowan
 18548 | D:4      | XOM: swap monsters
 18554 | D:4      | XOM: give mutations
 18554 | D:4      | Lost mutation: Your spells are a little harder to cast, but
                  | a little more powerful. [Xom's mischief]
 18554 | D:4      | Gained mutation: You expend magic power (3 MP) to
                  | strengthen your wands. [Xom's mischief]
 18554 | D:4      | Gained mutation: You are partially covered in iridescent
                  | scales. (AC +2) [Xom's mischief]
 18592 | D:5      | Killed Azuregosa's ghost
 18719 | D:9      | XOM: enchant monster (bad)
 18723 | D:9      | Killed Erolcha
 18724 | D:9      | Reached skill level 12 in Dodging
 18787 | D:9      | XOM: give mutations
 18787 | D:9      | Gained mutation: You are mostly covered in iridescent
                  | scales. (AC +4) [Xom's mischief]
 18787 | D:9      | Gained mutation: Your mind is acute. (Int +4, Str/Dex -1)
                  | [Xom's mischief]
 18787 | D:9      | Gained mutation: Your mind is very acute. (Int +8, Str/Dex
                  | -2) [Xom's mischief]
 18865 | D:9      | Learned a level 3 spell: Ozocubu's Armour
 18870 | D:9      | Learned a level 4 spell: Cause Fear
 19169 | D:11     | XOM: summons 6 friendly demons
 19234 | D:11     | Noticed Sonja
 19242 | D:11     | Killed Sonja
 19296 | D:11     | Noticed Gastronok
 19313 | D:11     | Killed Gastronok
 19394 | D:11     | XOM: give mutation
 19394 | D:11     | Gained mutation: You possess an exceptional clarity of
                  | mind. [Xom's grace]
 19642 | D:11     | XOM: cloud trail
 19678 | D:12     | XOM: 1-stop teleportation journey
 19686 | D:12     | Reached skill level 12 in Unarmed Combat
 19817 | D:12     | Reached skill level 11 in Fighting
 19817 | D:12     | Reached skill level 13 in Dodging
 19921 | D:12     | XOM: draining
 19988 | D:12     | XOM: noise
 20181 | D:12     | XOM: god gift: +3 glaive of protection
 20210 | D:12     | Noticed Rupert
 20274 | D:12     | Killed Rupert
 20414 | D:10     | XOM: divination: detect creatures
 20458 | Orc:1    | Entered Level 1 of the Orcish Mines
 20611 | Orc:1    | Found Benugot's Assorted Antiques.
 20615 | Orc:1    | Bought a potion of heal wounds for 110 gold pieces
 20615 | Orc:1    | Bought a scroll of teleportation for 66 gold pieces
 20679 | Orc:1    | XOM: 2-stop teleportation journey
 20691 | Orc:1    | Identified the of Laacupli (Xom gifted it to you on level
                  | 1 of the Orcish Mines)
 20691 | Orc:1    | XOM: god gift: Xom's Encyclopedia of Big Damage
 20718 | Orc:1    | XOM: 2-stop teleportation journey
 20742 | Orc:1    | XOM: cloud trail
 21034 | Orc:2    | Entered Level 2 of the Orcish Mines
 21227 | Orc:2    | Found Yfarr's Weapon Shop.
 21227 | Orc:2    | Found Xuottyrgh's General Store.
 21227 | Orc:2    | Found Ethruodedgh's General Store.
 21227 | Orc:2    | Found Bibolet's Jewellery Shop.
 21227 | Orc:2    | Found Esaed's Weapon Shop.
 21227 | Orc:2    | XOM: 8-stop teleportation journey
 21282 | Orc:2    | XOM: polymorph two-headed ogre -> moth of wrath
 21285 | Orc:2    | XOM: cast spell 'Dispersal'
 21391 | Orc:1    | XOM: divination: detect items
 21398 | Orc:1    | XOM: scenery: create altars
 21435 | Orc:2    | XOM: noise
 21539 | Orc:2    | XOM: enchant monster (bad)
 21547 | Orc:2    | XOM: destruction
 21550 | Orc:2    | Reached skill level 14 in Dodging
 21567 | Orc:2    | XOM: summons 2 friendly demons
 21672 | Orc:2    | XOM: divination: detect creatures
 21697 | Orc:2    | Reached XP level 15. HP: 72/72 MP: 28/28
 21710 | Orc:2    | XOM: potion effect (might)
 21734 | Orc:2    | Reached skill level 12 in Fighting
 21756 | Orc:2    | Reached skill level 13 in Unarmed Combat
 21762 | Orc:2    | XOM: cast spell 'Olgreb's Toxic Radiance'
 21878 | Orc:2    | Found a staircase to the Elven Halls.
 21886 | Orc:2    | XOM: potion effect (might)
 21917 | Orc:2    | Bought a potion of heal wounds for 75 gold pieces
 21919 | Orc:2    | Bought a wand of iceblast (7) for 184 gold pieces
 21919 | Orc:2    | Bought a potion of curing for 33 gold pieces
 21919 | Orc:2    | Bought a potion of curing for 33 gold pieces
 21919 | Orc:2    | Bought a scroll of blinking for 82 gold pieces
 21919 | Orc:2    | Bought a scroll of identify for 22 gold pieces
 22098 | Orc:1    | XOM: god gift: 28 gold pieces
 22113 | Orc:1    | Bought a scroll of identify for 44 gold pieces
 22113 | Orc:1    | Bought a scroll of identify for 44 gold pieces
 22113 | Orc:1    | Bought a wand of paralysis (6) for 316 gold pieces
 22302 | D:13     | XOM: 6-stop teleportation journey
 22380 | D:13     | Learned a level 4 spell: Vhi's Electric Charge
 22389 | D:13     | XOM: divination: detect items
 22512 | D:13     | XOM: noise
 22526 | D:13     | XOM: potion effect (haste)
 22570 | D:13     | Reached skill level 1 in Translocations
 22646 | D:13     | Reached skill level 1 in Air Magic
 22658 | D:13     | Reached skill level 2 in Translocations
 22663 | D:13     | XOM: divination: magic mapping
 22774 | D:13     | Found a gate to the Vaults.
 22805 | D:13     | XOM: silly message
 22925 | D:13     | Found Leigive's Distillery.
 22929 | D:13     | Bought a potion of heal wounds for 70 gold pieces
 22929 | D:13     | Bought 2 potions of berserk rage for 140 gold pieces
 22929 | D:13     | Bought a potion of heal wounds for 70 gold pieces
 22929 | D:13     | Bought a potion of curing for 42 gold pieces
 23142 | D:14     | Found a transporter.
 23148 | D:14     | Noticed stendehmen's ghost (journeyman DECj)
 23153 | D:14     | Found a transporter.
 23202 | D:14     | XOM: noise
 23203 | D:14     | Reached skill level 3 in Translocations
 23218 | D:14     | Found a shadowy altar of Dithmenos.
 23253 | D:14     | XOM: 9-stop teleportation journey
 23362 | D:14     | XOM: potion effect (haste)
 23376 | D:14     | Reached skill level 2 in Air Magic
 23388 | D:14     | XOM: potion effect (brilliance)
 23598 | D:14     | XOM: noise
 23601 | D:14     | XOM: enchant monster (good)
 23606 | D:14     | Reached skill level 4 in Translocations
 23606 | D:14     | XOM: silly message
 23764 | D:14     | XOM is BORED!
 23968 | D:14     | XOM: divination: detect items
 24009 | D:14     | Found a bloodstained altar of Trog.
 24053 | D:15     | Entered Level 15 of the Dungeon
 24525 | D:15     | XOM: potion effect (brilliance)
 24529 | D:15     | Reached skill level 3 in Air Magic
 24614 | D:15     | XOM: divination: magic mapping
 24629 | D:15     | Reached skill level 5 in Translocations
 25009 | D:15     | XOM: potion effect (might)
 25186 | D:15     | Found a staircase to the Depths.
 25572 | Orc:2    | Bought a ring of fire for 350 gold pieces
 25708 | Snake:1  | Entered Level 1 of the Snake Pit
 25721 | Snake:1  | Noticed Asterion
 25726 | Snake:1  | Killed Asterion
 25748 | Snake:1  | Reached skill level 9 in Spellcasting
 25756 | Snake:1  | Reached skill level 13 in Fighting
 25857 | Snake:1  | XOM: blink monster(s)
 25860 | Snake:1  | Reached skill level 6 in Translocations
 25966 | Snake:1  | Found Wuidgh's Vocational Training.
 25972 | Snake:1  | XOM: enchant monster (good)
 25982 | Snake:1  | XOM: cast spell 'Summon Hydra'
 26030 | Snake:1  | Reached skill level 4 in Air Magic
 26030 | Snake:1  | Reached XP level 16. HP: 73/78 MP: 23/30
 26120 | Snake:1  | Reached skill level 14 in Unarmed Combat
 26253 | Snake:1  | Found Ontoedd's Jewellery Boutique.
 26261 | Snake:1  | Bought a ring of protection from fire for 450 gold pieces
 26385 | Snake:1  | Found Posoetih's Antique Armour Shoppe.
 26564 | Snake:2  | Reached skill level 7 in Translocations
 26732 | Snake:2  | XOM: potion effect (haste)
 26734 | Snake:2  | XOM: potion effect (brilliance)
 26982 | Snake:2  | XOM is BORED!
 26982 | Snake:2  | XOM: summons 8 hostile demons
 27085 | Snake:2  | XOM: summons 8 hostile demons
 27173 | Snake:2  | XOM: summons 1 hostile shadow creature
 27279 | Snake:2  | XOM: give mutations
 27279 | Snake:2  | Gained mutation: Your body sometimes deteriorates upon
                  | taking damage. [Xom's mischief]
 27279 | Snake:2  | Lost mutation: You possess an exceptional clarity of mind.
                  | [Xom's mischief]
 27279 | Snake:2  | Lost mutation: A frigid envelope surrounds you and freezes
                  | all who hurt you. [Xom's mischief]
 27279 | Snake:2  | Lost mutation: You are mostly covered in iridescent scales.
                  | (AC +4) [Xom's mischief]
 27578 | Snake:2  | XOM: stat loss: -1 Dex (19/20)
 27774 | Snake:2  | XOM: summons 9 hostile demons
 27951 | Snake:3  | Noticed Louise
 27954 | Snake:3  | Killed Louise
 27955 | Snake:3  | Reached skill level 5 in Air Magic
 27962 | Snake:3  | Identified the serpent talisman "Dairaohe" {rPois Str-5
                  | Dex+5 SInv}
 27962 | Snake:3  | Noticed Aizul
 27963 | Snake:3  | Reached skill level 8 in Translocations
 27977 | Snake:3  | Killed Aizul
 28026 | Snake:3  | Identified the ring of Ytsy {AC+4 Int+5 Dex+6}
 28044 | Snake:3  | Identified the +2 cloak of Dramatic Exits {Harm rF- rN++
                  | Int+3}
 28076 | Snake:3  | XOM: enchant monster (good)
 28209 | Snake:3  | Noticed Mlioglotl
 28213 | Snake:3  | XOM: summons friendly shadow imp
 28221 | Snake:3  | XOM: confusion
 28227 | Snake:3  | XOM: noise
 28309 | Snake:3  | XOM: noise
 28422 | Snake:3  | Killed Mlioglotl
 28496 | Snake:3  | Reached skill level 10 in Spellcasting
 28526 | Snake:3  | Reached skill level 9 in Translocations
 28527 | Snake:3  | XOM: divination: magic mapping
 28646 | Snake:3  | XOM: noise
 28656 | Snake:3  | XOM: potion effect (magic)
 28775 | Snake:3  | XOM: noise
 28986 | Snake:4  | Identified the of Huadothre
 28986 | Snake:4  | Entered Level 4 of the Snake Pit
 28993 | Snake:4  | XOM: confusion (+ monsters)
 28997 | Snake:4  | Reached skill level 6 in Air Magic
 29041 | Snake:4  | Noticed Agnes
 29046 | Snake:4  | XOM: scenery: create altars
 29052 | Snake:4  | Killed Agnes
 29061 | Snake:4  | Reached skill level 14 in Fighting
 29137 | Snake:4  | XOM: destruction
 29142 | Snake:4  | Noticed Elezeri's ghost (adept DrSh)
 29150 | Snake:4  | Noticed Vashnia
 29153 | Snake:4  | Reached skill level 10 in Translocations
 29157 | Snake:4  | HP: 3/90 [Vashnia/arrow (26)]
 29161 | Snake:4  | Shot with an arrow by Vashnia
 29191 | Snake:4  | Reached XP level 17. HP: 83/83 MP: 32/32
 29197 | Snake:4  | Killed Vashnia
 29246 | Snake:4  | Found a transporter.
 29292 | Snake:4  | XOM: silly message
 29307 | Snake:4  | XOM: noise
 29351 | Snake:4  | Found a transporter.
 29360 | Snake:4  | Found a one-way gate to the infinite horrors of the Abyss.
 29381 | Snake:4  | XOM: noise
 29391 | Snake:4  | XOM: silly message
 29415 | Snake:4  | Reached skill level 11 in Translocations
 29648 | Snake:4  | Identified a scroll of acquirement
 29649 | Snake:4  | Acquired 875 gold pieces
 30033 | Snake:4  | XOM: divination: magic mapping
 30046 | Snake:3  | XOM: smoke on damage
 30055 | Snake:3  | XOM: cast spell 'Summon Mana Viper'
 30210 | Snake:4  | Reached skill level 11 in Spellcasting
 30702 | Snake:4  | Reached skill level 12 in Translocations
 30823 | Snake:4  | XOM: noise
 30879 | Snake:4  | XOM: cloud trail
 30924 | Snake:4  | XOM: summons 7 hostile demons
 30939 | Snake:4  | XOM: potion effect (heal wounds)
 30990 | Snake:4  | Got a serpentine rune of Zot
 31101 | Snake:4  | XOM: divination: detect creatures
 31110 | Snake:4  | Learned a level 6 spell: Death Channel
 31167 | Snake:2  | XOM: summons 2 hostile shadow creatures
 31206 | Snake:1  | XOM: give mutation
 31206 | Snake:1  | Gained mutation: You are clumsy. (Dex -2) [Xom's mischief]
 31217 | Snake:1  | XOM: summons 9 hostile demons
 31298 | Swamp:1  | Entered Level 1 of the Swamp
 31391 | Swamp:1  | Reached skill level 13 in Translocations
 31396 | Swamp:1  | Reached skill level 1 in Necromancy
 31770 | Swamp:1  | XOM: noise
 32059 | Swamp:2  | Reached skill level 2 in Necromancy
 32062 | Swamp:2  | XOM: blink monster(s)
 32075 | Swamp:2  | Reached skill level 7 in Stealth
 32076 | Swamp:2  | XOM: repel stairs
 32247 | Swamp:2  | XOM: noise
 32251 | Swamp:2  | XOM: destruction
 32276 | Swamp:2  | XOM: enchant monster (good)
 32284 | Swamp:2  | Reached skill level 12 in Spellcasting
 32338 | Swamp:2  | XOM: scenery: summon butterflies
 32483 | Swamp:2  | XOM: fog
 32507 | Swamp:2  | XOM: summons 12 friendly demons
 32541 | Swamp:2  | XOM: god gift: 1102 gold pieces
 32577 | Swamp:2  | Reached skill level 3 in Necromancy
 32577 | Swamp:2  | Reached skill level 7 in Evocations
 32894 | Swamp:2  | Learned a level 4 spell: Dispel Undead
 32901 | Swamp:2  | Learned a level 6 spell: Dispersal
 32916 | IceCv    | Identified the of Duomur
 32919 | Swamp:3  | XOM: cleaving
 32990 | Swamp:3  | XOM: scenery: create altars
 33025 | Swamp:3  | Reached skill level 8 in Stealth
 33029 | Swamp:3  | XOM: cleaving
 33058 | Swamp:2  | XOM: scenery: summon butterflies
 33149 | Swamp:3  | XOM: summons friendly shadow imp
 33156 | Swamp:3  | Reached XP level 18. HP: 88/88 MP: 33/35
 33260 | Swamp:3  | XOM: cleaving
 33284 | Swamp:3  | Found a frozen archway.
 33310 | Swamp:3  | XOM: divination: detect creatures
 33326 | Swamp:2  | Reached skill level 14 in Translocations
 33371 | Swamp:2  | XOM: summons 10 hostile demons
 33438 | Swamp:2  | XOM: fake destruction
 33625 | Swamp:3  | Reached skill level 4 in Necromancy
 33751 | Swamp:3  | Lost mutation: You are clumsy. (Dex -2) [potion of
                  | mutation]
 33751 | Swamp:3  | Lost mutation: Your body sometimes deteriorates upon taking
                  | damage. [potion of mutation]
 33751 | Swamp:3  | Gained mutation: Your magical capacity is low. (-10% MP)
                  | [potion of mutation]
 33751 | Swamp:3  | Gained mutation: You have a pair of small horns on your
                  | head. [potion of mutation]
 33751 | Swamp:3  | Gained mutation: You have a pair of horns on your head.
                  | [potion of mutation]
 33751 | Swamp:3  | Gained mutation: You are partially covered in large bone
                  | plates. (SH +4) [potion of mutation]
 33868 | Swamp:4  | Entered Level 4 of the Swamp
 33876 | Swamp:3  | XOM: confuse monster(s)
 34001 | Swamp:4  | XOM: summons friendly ufetubus
 34009 | Swamp:3  | Slain by a spriggan berserker
 34047 | Swamp:4  | Reached skill level 9 in Stealth
 34139 | Swamp:4  | XOM: cast spell 'Dispersal'
 34365 | Swamp:4  | XOM: summons friendly white imp
 34376 | Swamp:4  | XOM: polymorph white imp -> quasit
 34541 | Swamp:4  | Reached skill level 8 in Evocations
 34545 | Swamp:4  | Noticed a tentacled monstrosity
 34550 | Swamp:4  | XOM: noise
 34557 | Swamp:4  | Killed a tentacled monstrosity
 34632 | Swamp:4  | XOM: cast spell 'Summon Cactus Giant'
 34660 | Swamp:4  | XOM: potion effect (attraction)
 34965 | Swamp:4  | Noticed Nikola
 34970 | Swamp:4  | XOM: smoke on damage
 35038 | Swamp:4  | Reached skill level 5 in Necromancy
 35090 | Swamp:4  | Reached skill level 10 in Stealth
 35094 | Swamp:4  | Killed Nikola
 35122 | Swamp:4  | Noticed a tentacled monstrosity
 35123 | Swamp:4  | XOM: divination: magic mapping
 35203 | Swamp:4  | XOM: smoke on damage
 35268 | Swamp:4  | XOM: cloud trail
 35341 | Swamp:4  | XOM: noise
 35344 | Swamp:4  | Got a decaying rune of Zot
 35449 | Swamp:4  | Killed a tentacled monstrosity
 35719 | Lair:2   | XOM: noise
 35884 | Depths:2 | Identified the of Tyagharph
 35884 | Depths:3 | Identified the "Tuen"
 35884 | Elf:1    | Entered Level 1 of the Elven Halls
 35905 | Elf:1    | Reached skill level 9 in Evocations
 35966 | Elf:1    | Found Naven's Book Boutique.
 36008 | Elf:1    | Reached skill level 6 in Necromancy
 36016 | Elf:1    | XOM: potion effect (invisibility)
 36019 | Elf:1    | XOM: cast spell 'Summon Mana Viper'
 36170 | Elf:1    | Reached skill level 11 in Stealth
 36298 | Elf:1    | XOM: confuse monster(s)
 36305 | Elf:1    | Reached skill level 13 in Spellcasting
 36318 | Elf:1    | XOM: divination: detect creatures
 36352 | Elf:1    | XOM: summons friendly red devil
 36519 | Elf:1    | XOM: 3-stop teleportation journey
 36533 | Elf:1    | Identified the +2 kite shield "Iretaumi" {rCorr Int-2
                  | Dex+2}
 36594 | Elf:1    | XOM: noise
 36599 | Elf:1    | XOM: 3-stop teleportation journey
 36609 | Elf:1    | Found a runed translucent gate.
 36609 | Elf:1    | Found a runed translucent gate.
 36610 | Elf:1    | Found a runed translucent gate.
 36678 | Elf:1    | XOM: noise
 36951 | Elf:2    | XOM: polymorph deep elf archer -> mana viper
 37019 | Elf:2    | XOM: summons friendly crimson imp
 37029 | Elf:2    | XOM: god gift: +2 short sword of chaos
 37034 | Elf:2    | XOM: summons 5 friendly demons
 37036 | Elf:2    | Reached XP level 19. HP: 90/92 MP: 29/33
 37097 | Elf:2    | Gained mutation: Your body sometimes deteriorates upon
                  | taking damage. [a neqoxec]
 37103 | Elf:2    | Lost mutation: You have a pair of horns on your head.
                  | [potion of mutation]
 37103 | Elf:2    | Lost mutation: You expend magic power (3 MP) to strengthen
                  | your wands. [potion of mutation]
 37103 | Elf:2    | Gained mutation: Your spells are a little harder to cast,
                  | but a little more powerful. [potion of mutation]
 37103 | Elf:2    | Gained mutation: You have hidden genetic potential. [potion
                  | of mutation]
 37104 | Elf:2    | Lost mutation: Your spells are a little harder to cast, but
                  | a little more powerful. [potion of mutation]
 37104 | Elf:2    | Lost mutation: Your body sometimes deteriorates upon taking
                  | damage. [potion of mutation]
 37104 | Elf:2    | Gained mutation: Your magical capacity is very low. (-20%
                  | MP) [potion of mutation]
 37104 | Elf:2    | Gained mutation: Your flesh is heat resistant. (rF+)
                  | [potion of mutation]
 37162 | Elf:2    | XOM: scenery: 1 doors open, 1 doors close
 37294 | Elf:2    | Found Eleid's Armour Shop.
 37295 | Elf:2    | Reached skill level 7 in Necromancy
 37338 | Elf:2    | Noticed a Tzitzimitl
 37339 | Elf:2    | Reached skill level 12 in Stealth
 37343 | Elf:2    | XOM: polymorph Hell Sentinel -> Ice Fiend
 37346 | Elf:2    | XOM: polymorph deep elf archer -> shapeshifter
 37347 | Elf:2    | XOM: summons 2 friendly demons
 37350 | Elf:2    | Reached skill level 10 in Evocations
 37651 | Elf:2    | XOM: give mutations
 37651 | Elf:2    | Gained mutation: Your flesh is cold resistant. (rC+) [Xom's
                  | grace]
 37651 | Elf:2    | Gained mutation: You have a pair of horns on your head.
                  | [Xom's grace]
 37715 | Elf:2    | Found a huge runed translucent gate.
 37715 | Elf:2    | Found a huge runed translucent gate.
 37715 | Elf:2    | Found a huge runed translucent gate.
 37715 | Elf:2    | Found a huge runed translucent gate.
 37715 | Elf:2    | Found a huge runed translucent gate.
 37814 | Elf:2    | XOM: give mutation
 37814 | Elf:2    | Gained mutation: You have great hidden genetic potential.
                  | [Xom's grace]
 37819 | Elf:2    | XOM: scenery: 1 doors close
 37988 | Elf:2    | XOM: summons 10 friendly demons
 38000 | Elf:2    | Slain by a +5 glaive of venom
 38335 | Snake:1  | Bought an amulet of regeneration for 540 gold pieces
 38528 | Vaults:1 | Entered Level 1 of the Vaults
 38536 | Vaults:1 | XOM: smoke on damage
 38537 | Vaults:1 | XOM: potion effect (heal wounds)
 38543 | Vaults:1 | XOM: divination: detect items
 38601 | Vaults:1 | XOM: noise
 38602 | Vaults:1 | XOM: silly message
 38607 | Vaults:1 | Reached skill level 13 in Stealth
 38612 | Vaults:1 | Reached skill level 8 in Necromancy
 38854 | Vaults:1 | XOM: 1-stop teleportation journey
 38985 | Vaults:1 | Reached skill level 11 in Evocations
 39023 | Vaults:1 | XOM: fog
 39110 | Vaults:1 | XOM: cast spell 'Olgreb's Toxic Radiance'
 39130 | Vaults:1 | XOM: smoke on damage
 39322 | Vaults:1 | Reached skill level 14 in Stealth
 39388 | Vaults:1 | XOM: polymorph centaur warrior -> slime creature
 39395 | Vaults:1 | XOM: draining
 39407 | Vaults:1 | Reached skill level 9 in Necromancy
 39444 | Vaults:1 | XOM: stat loss: -1 Dex (25/26)
 39456 | Vaults:1 | XOM: fog
 39462 | Vaults:1 | XOM: give mutations
 39462 | Vaults:1 | Gained mutation: You passively dampen the noise of your
                  | surroundings. [Xom's mischief]
 39462 | Vaults:1 | Lost mutation: Your flesh is cold resistant. (rC+) [Xom's
                  | mischief]
 39564 | Vaults:1 | HP: 4/98 [tengu reaver/+2 long sword of protection (13)]
 39564 | Vaults:1 | Slain by a tengu reaver
 39577 | Vaults:1 | XOM: silly message
 39924 | Vaults:2 | XOM: summons 6 hostile demons
 40072 | Vaults:2 | XOM: potion effect (magic)
 40073 | Vaults:2 | XOM: potion effect (curing)
 40078 | Vaults:2 | XOM: potion effect (brilliance)
 40082 | Vaults:2 | XOM: potion effect (haste)
 40086 | Vaults:2 | Reached skill level 12 in Evocations
 40354 | Vaults:2 | XOM: cloud trail
 40363 | Vaults:2 | Noticed Frederick
 40365 | Vaults:2 | XOM: noise
 40909 | Vaults:2 | Reached skill level 10 in Necromancy
 40930 | Vaults:2 | XOM: enchant monster (bad)
 40939 | Vaults:2 | Reached XP level 20. HP: 96/96 MP: 22/31
 41007 | Vaults:2 | Gained mutation: You are mostly covered in large bone
                  | plates. (SH +6) [hidden potential]
 41207 | Vaults:2 | Killed Frederick
 41208 | Vaults:2 | Reached skill level 13 in Evocations
 41293 | Vaults:2 | XOM: silly message
 41591 | Vaults:2 | Reached skill level 11 in Necromancy
 41596 | Vaults:2 | XOM: confuse monster(s)
 41623 | Vaults:2 | XOM: cast spell 'Olgreb's Toxic Radiance'
 41726 | Vaults:2 | Found Egauklal's Armour Shop.
 41869 | Vaults:2 | XOM: enchant monster (bad)
 42239 | Vaults:3 | XOM: silly message
 42406 | Vaults:3 | Found Uqilal's Antique Armour Boutique.
 42581 | Vaults:3 | XOM: potion effect (haste)
 42683 | Vaults:3 | Reached skill level 14 in Evocations
 42800 | Vaults:3 | XOM: cast spell 'Leda's Liquefaction'
 42806 | Vaults:3 | Reached skill level 12 in Necromancy
 42858 | Vaults:3 | XOM: cleaving
 43257 | Vaults:3 | XOM: enchant monster (good)
 43324 | Vaults:3 | Found a staircase to the Crypt.
 43620 | Vaults:4 | XOM: 4-stop teleportation journey
 43623 | Vaults:4 | XOM: god gift: 17 gold pieces
 43876 | Vaults:4 | Reached skill level 13 in Necromancy
 43951 | Vaults:4 | Killed from afar by a lich
 44330 | Vaults:4 | XOM: cleaving
 44384 | Vaults:4 | Reached skill level 14 in Necromancy
 44867 | Vaults:1 | XOM is BORED!
 44867 | Vaults:1 | XOM: give mutations
 44867 | Vaults:1 | Lost mutation: You have a pair of horns on your head.
                  | [Xom's mischief]
 44867 | Vaults:1 | Lost mutation: You are mostly covered in large bone plates.
                  | (SH +6) [Xom's mischief]
 44867 | Vaults:1 | Gained mutation: Your muscles are strong. (Str +4, Int/Dex
                  | -1) [Xom's mischief]
 44867 | Vaults:1 | Lost mutation: Your mind is very acute. (Int +8, Str/Dex
                  | -2) [Xom's mischief]
 45134 | Elf:2    | XOM: swap monsters
 45175 | Elf:2    | XOM: 2-stop teleportation journey
 45193 | Elf:2    | Reached XP level 21. HP: 100/100 MP: 21/31
 45229 | Elf:2    | XOM: stat loss: -1 Int (22/23)
 45287 | Elf:2    | XOM: scenery: 5 doors close
 45311 | Elf:3    | Identified the of Nuihihau
 45311 | Elf:3    | Identified the of Ponenk
 45311 | Elf:3    | Identified the "Paumahuk"
 45311 | Elf:3    | XOM: stealth player
 45311 | Elf:3    | Entered Level 3 of the Elven Halls
 45311 | Elf:3    | Noticed Donald
 45319 | Elf:3    | Killed Donald
 45327 | Elf:3    | XOM: torment (78/114 hp)
 45463 | Elf:3    | Learned a level 2 spell: Lesser Beckoning
 45470 | Elf:3    | Gained mutation: You are agile. (Dex +4, Str/Int -1)
                  | [hidden potential]
 45470 | Elf:3    | Lost mutation: You have great hidden genetic potential.
                  | [hidden potential expressed]
 46235 | Elf:3    | XOM: silly message
 46338 | Elf:3    | XOM: cloud trail
 46406 | Elf:3    | XOM: noise
 46987 | Elf:3    | Paralysed by an air elemental for 1 turns
 47001 | Elf:3    | Reached skill level 1 in Ice Magic
 47121 | Elf:3    | XOM: silly message
 47214 | Elf:3    | Identified the +4 lajatang of Perversion {distort, rC+
                  | Str-3 Int+5 SInv}
 47440 | Elf:3    | Reached skill level 2 in Ice Magic
 47766 | Elf:3    | XOM: cleaving
 47811 | Elf:3    | Identified the ring of Juadij {rN+ EV+5 Int+2}
 47816 | Elf:3    | Reached skill level 14 in Spellcasting
 47816 | Elf:3    | Reached skill level 3 in Ice Magic
 47896 | Elf:3    | XOM: cloud trail
 48255 | Elf:3    | XOM: cloud trail
 48322 | Elf:3    | Found the +2 hat of the Bear Spirit {Spirit, Bear, *Rage
                  | Will++}
 48327 | Elf:3    | Reached skill level 4 in Ice Magic
 48348 | Elf:3    | Learned a level 5 spell: Irradiate
 48359 | Elf:3    | Identified the staff "Dycupp" {rF+ rCorr Str+7 Int-2 Conj}
 48360 | Elf:3    | Identified the +2 halberd "Zeril" {venom, rF- rN+ rCorr
                  | Str+3}
 48619 | D:10     | XOM: scenery: summon butterflies
 48763 | Depths:1 | Entered Level 1 of the Depths
 48775 | Depths:1 | Reached skill level 1 in Transmutations
 49257 | Depths:1 | XOM is BORED!
 49257 | Depths:1 | XOM: give mutations
 49257 | Depths:1 | Lost mutation: Your magical capacity is very low. (-20% MP)
                  | [Xom's mischief]
 49257 | Depths:1 | Lost mutation: You have a pair of small horns on your head.
                  | [Xom's mischief]
 49257 | Depths:1 | Lost mutation: Your magical capacity is low. (-10% MP)
                  | [Xom's mischief]
 49287 | Depths:1 | Reached skill level 1 in Conjurations
 49289 | Depths:1 | Reached skill level 2 in Transmutations
 49365 | Depths:1 | Found Saozujoi's Assorted Antiques.
 49370 | Depths:1 | Bought a potion of might for 88 gold pieces
 49370 | Depths:1 | Bought a potion of heal wounds for 110 gold pieces
 49370 | Depths:1 | Bought a wand of light (5) for 462 gold pieces
 49415 | Depths:1 | Learned a level 5 spell: Borgnjor's Vile Clutch
 49444 | Depths:1 | XOM: divination: detect creatures
 49523 | Depths:1 | Reached skill level 3 in Transmutations
 49666 | Depths:1 | Reached skill level 2 in Conjurations
 49784 | Depths:1 | Reached skill level 4 in Transmutations
 49813 | Depths:1 | Found a hazy altar of Hepliaklqana.
 49833 | Depths:1 | Found a gateway to Hell.
 50005 | Depths:1 | XOM: give mutations
 50005 | Depths:1 | Gained mutation: You have a pair of small antennae on your
                  | head. [Xom's grace]
 50005 | Depths:1 | Gained mutation: You are very agile. (Dex +8, Str/Int -2)
                  | [Xom's grace]
 50115 | Depths:2 | XOM: destruction
 50124 | Depths:2 | XOM: silly message
 50131 | Depths:2 | Reached skill level 5 in Transmutations
 50243 | Depths:2 | XOM: silly message
 50270 | Depths:2 | Reached skill level 3 in Conjurations
 50308 | Depths:2 | XOM: noise
 50447 | Depths:2 | XOM: noise
 50535 | Depths:2 | Identified the +1 flail of Uciuci {speed, *Slow rF+ rC+
                  | rN+}
 50541 | Depths:2 | Reached skill level 6 in Transmutations
 50735 | Depths:2 | XOM: confusion (+ monsters)
 50737 | Depths:2 | XOM: divination: magic mapping
 51031 | Crypt:1  | Entered Level 1 of the Crypt
 51413 | Crypt:1  | Reached skill level 7 in Transmutations
 51419 | Crypt:1  | Reached skill level 4 in Conjurations
 51527 | Crypt:1  | XOM: confuse monster(s)
 51534 | Crypt:1  | XOM: divination: magic mapping
 51624 | Crypt:1  | Reached XP level 22. HP: 104/104 MP: 39/41
 51672 | Crypt:1  | XOM: summons friendly rust devil
 51679 | Crypt:1  | XOM: destruction
 51691 | Crypt:1  | Gained mutation: You passively map a small area around you.
                  | [hidden potential]
 51780 | Crypt:1  | XOM: cloud trail
 51781 | Crypt:1  | XOM: 2-stop teleportation journey
 51941 | Crypt:1  | Reached skill level 8 in Transmutations
 52450 | Crypt:2  | XOM: scenery: summon butterflies
 52453 | Crypt:2  | XOM: polymorph butterfly -> adder
 52462 | Crypt:1  | XOM: cleaving
 52466 | Crypt:1  | Reached skill level 5 in Conjurations
 52559 | Crypt:1  | XOM: butterfly on damage
 52561 | Crypt:1  | Reached skill level 9 in Transmutations
 52785 | Crypt:2  | Noticed Vv
 52785 | Crypt:2  | XOM: 8-stop teleportation journey
 53197 | Depths:2 | XOM: enchant monster (good)
 53309 | Depths:2 | Found a one-way gate leading to the halls of Pandemonium.
 53311 | Depths:2 | XOM: give mutation
 53311 | Depths:2 | Gained mutation: You expend magic power (3 MP) to
                  | strengthen your wands. [Xom's mischief]
 53399 | Depths:2 | XOM: cast spell 'Monstrous Menagerie'
 53411 | Depths:2 | Reached skill level 10 in Transmutations
 53545 | Depths:2 | XOM: noise
 53591 | Depths:2 | Noticed a golden dragon
 53709 | Depths:2 | XOM: silly message
 53784 | Depths:2 | Killed a golden dragon
 53785 | Depths:2 | Reached skill level 6 in Conjurations
 53802 | Depths:2 | XOM: butterfly on damage
 54040 | Depths:2 | Noticed a golden dragon
 54315 | Depths:3 | XOM: 1-stop teleportation journey
 54332 | Depths:3 | XOM: noise
 54371 | Depths:3 | XOM: summons friendly quasit
 54380 | Depths:3 | Reached skill level 11 in Transmutations
 54734 | Depths:3 | XOM: summons friendly iron imp
 54742 | Depths:3 | XOM: summons friendly ufetubus
 54746 | Depths:3 | XOM: summons friendly ufetubus
 54763 | Depths:3 | Reached skill level 7 in Conjurations
 54817 | Depths:3 | XOM: 2-stop teleportation journey
 54819 | Depths:3 | XOM: swap monsters
 54843 | Depths:3 | Reached skill level 12 in Transmutations
 54863 | Depths:3 | XOM: confuse monster(s)
 54875 | Depths:3 | XOM: silly message
 54876 | Depths:3 | XOM: cast spell 'Summon Small Mammal'
 54917 | Depths:3 | XOM: fog
 55149 | Depths:3 | XOM: noise
 55359 | Depths:3 | Reached skill level 13 in Transmutations
 55375 | Depths:3 | XOM: cloud trail
 55451 | Depths:3 | XOM: god gift: 5 stones
 55546 | Depths:3 | XOM: 6-stop teleportation journey
 55551 | Depths:3 | XOM: give mutations
 55551 | Depths:3 | Lost mutation: You have hidden genetic potential. [Xom's
                  | mischief]
 55551 | Depths:3 | Gained mutation: Your spells are a little harder to cast,
                  | but a little more powerful. [Xom's mischief]
 55551 | Depths:3 | Lost mutation: You passively map a small area around you.
                  | [Xom's mischief]
 55551 | Depths:3 | Lost mutation: You have a pair of small antennae on your
                  | head. [Xom's mischief]
 55554 | Depths:3 | XOM: fake destruction
 55560 | Depths:3 | Reached skill level 8 in Conjurations
 55666 | Depths:3 | XOM: summons 3 friendly demons
 55671 | Depths:3 | XOM: fake destruction
 55676 | Depths:3 | XOM: cleaving
 55761 | Depths:3 | XOM: scenery: create altars
 56199 | Depths:3 | XOM: god gift: potion of brilliance
 56246 | Depths:3 | Noticed an ancient lich
 56534 | Depths:3 | XOM: smoke on damage
 56577 | Depths:4 | Entered Level 4 of the Depths
 56584 | Depths:3 | Reached skill level 14 in Transmutations
 56584 | Depths:3 | Reached XP level 23. HP: 108/108 MP: 32/42
 56612 | Depths:4 | Noticed Boris
 56655 | Depths:3 | XOM: 2-stop teleportation journey
 56681 | Depths:4 | XOM: polymorph iron troll -> shadow dragon
 56739 | Depths:4 | Identified the ring "Jydem" {Ice rPois}
 56739 | Depths:4 | Noticed Josephina
 56745 | Depths:4 | Killed Josephina
 56808 | Depths:4 | Found a blossoming altar of Fedhas.
 56839 | Depths:4 | XOM: potion effect (invisibility)
 56876 | Depths:4 | Found Mustry's Weapon Shoppe.
 56894 | Depths:4 | XOM: 7-stop teleportation journey
 56905 | Depths:4 | Reached skill level 9 in Conjurations
 57035 | Depths:4 | XOM: cloud trail
 57048 | Depths:4 | XOM: give mutations
 57048 | Depths:4 | Lost mutation: You are partially covered in large bone
                  | plates. (SH +4) [Xom's mischief]
 57048 | Depths:4 | Lost mutation: You passively dampen the noise of your
                  | surroundings. [Xom's mischief]
 57048 | Depths:4 | Lost mutation: Your mind is acute. (Int +4, Str/Dex -1)
                  | [Xom's mischief]
 57117 | Depths:4 | Noticed Sojobo
 57140 | Depths:4 | Identified the +0 quick blade of Sexaulaw {flame, rPois rC+
                  | Str+3} (Xom gifted it to you on level 4 of the Depths)
 57140 | Depths:4 | XOM: god gift: +0 quick blade of Sexaulaw {chaos, rPois rC+
                  | Str+3}
 57147 | Depths:4 | Killed Boris
 57245 | Depths:2 | XOM: divination: detect items
 57594 | Crypt:2  | Killed Vv
 57677 | Crypt:2  | XOM: cast spell 'Summon Small Mammal'
 57690 | Crypt:2  | Reached skill level 10 in Conjurations
 57719 | Crypt:2  | XOM: give mutations
 57719 | Crypt:2  | Lost mutation: You expend magic power (3 MP) to strengthen
                  | your wands. [Xom's mischief]
 57719 | Crypt:2  | Lost mutation: You are strong-willed. (Will+) [Xom's
                  | mischief]
 57733 | Crypt:2  | XOM: give mutation
 57733 | Crypt:2  | Gained mutation: You are frail. (-10% HP) [Xom's mischief]
 57745 | Crypt:2  | Noticed Margery
 57754 | Crypt:2  | Killed Margery
 57754 | Crypt:2  | XOM: summons 1 hostile demon
 57771 | Crypt:2  | XOM: butterfly on damage
 57898 | Crypt:3  | XOM: noise
 57898 | Crypt:3  | Entered Level 3 of the Crypt
 57949 | Crypt:2  | Reached skill level 11 in Conjurations
 58124 | Crypt:2  | XOM: give mutations
 58124 | Crypt:2  | Lost mutation: You are partially covered in iridescent
                  | scales. (AC +2) [Xom's mischief]
 58124 | Crypt:2  | Lost mutation: You are frail. (-10% HP) [Xom's mischief]
 58326 | Crypt:3  | XOM: silly message
 58351 | Crypt:3  | XOM: enchant monster (bad)
 58352 | Crypt:3  | XOM: confuse monster(s)
 58356 | Crypt:3  | XOM: cast spell 'Summon Ice Beast'
 58367 | Crypt:3  | Reached skill level 12 in Conjurations
 58632 | Crypt:3  | XOM: blink monster(s)
 58675 | Crypt:3  | XOM: confuse monster(s)
 58693 | Crypt:3  | Reached skill level 5 in Ice Magic
 59013 | Crypt:3  | XOM: smoke on damage
 59123 | Crypt:3  | Reached skill level 6 in Ice Magic
 59142 | Crypt:3  | Found a staircase to the Tomb.
 59169 | Crypt:3  | XOM: fake destruction
 59305 | Crypt:3  | XOM: scenery: 3 doors close
 59438 | Crypt:3  | XOM: enchant monster (bad)
 59455 | Crypt:3  | XOM: 4-stop teleportation journey
 59474 | Crypt:3  | Noticed Jory
 59479 | Crypt:3  | Killed Jory
 59521 | Crypt:3  | Reached skill level 13 in Conjurations
 59599 | Crypt:3  | Identified the amulet of Yfihyih {Harm Regen+}
 59599 | Crypt:3  | Identified the ring "Zueddiuts" {rC+ rN+ rCorr Dex+3 SInv}
 59682 | Crypt:3  | XOM: 2-stop teleportation journey
 59876 | Vaults:3 | XOM: cloud trail
 59937 | Vaults:5 | Entered Level 5 of the Vaults
 59938 | Vaults:5 | XOM: summons friendly iron imp
 59940 | Vaults:5 | Noticed a dread lich
 59940 | Vaults:5 | Found the ring of the Octopus King
 59941 | Vaults:5 | XOM: summons friendly ufetubus
 59943 | Vaults:5 | Killed a dread lich
 59944 | Vaults:5 | Reached skill level 7 in Ice Magic
 59945 | Vaults:5 | Got a silver rune of Zot
 59946 | Vaults:5 | Identified a ring of the Octopus King {rC+ HP+2 AC+2 EV+2
                  | SH+2}
 60019 | Vaults:5 | XOM: scenery: summon butterflies
 60063 | Vaults:5 | XOM: noise
 60144 | Vaults:5 | Noticed an ancient lich
 60150 | Vaults:5 | Killed an ancient lich
 60152 | Vaults:5 | XOM: cast spell 'Disjunction'
 60163 | Vaults:5 | Reached XP level 24. HP: 112/112 MP: 32/42
 60218 | Vaults:5 | Reached skill level 8 in Ice Magic
 60275 | Vaults:5 | Noticed a dread lich
 60278 | Vaults:5 | Killed a dread lich
 60311 | Vaults:5 | Identified the ring of Xeing {rPois Int+6 Dex+5}
 60332 | Vaults:5 | XOM: potion effect (haste)
 60336 | Vaults:5 | XOM: enchant monster (bad)
 60355 | Vaults:5 | Identified the ring of Nigityp {rCorr Dex+6}
 60361 | Vaults:5 | Reached skill level 14 in Conjurations
 60387 | Vaults:5 | Reached skill level 9 in Ice Magic
 60455 | Vaults:5 | XOM: noise
 60461 | Vaults:5 | Identified the +4 sling "Spider's Foe" {speed, rC++ Stlth+}
 60497 | Vaults:5 | XOM: 1-stop teleportation journey
 60497 | Vaults:5 | Identified the +7 great sword "Pyjukegro" {flame, Str+3
                  | Int+2}
 60618 | Vaults:5 | XOM: silly message
 60683 | Vaults:5 | XOM: silly message
 60728 | Vaults:5 | XOM: silly message
 60755 | Vaults:5 | XOM: potion effect (brilliance)
 60795 | Vaults:5 | Identified the +0 great sword "Cualil" {venom, rPois rC+
                  | rN+++ Dex-5}
 60801 | Vaults:5 | Reached skill level 10 in Ice Magic
 60990 | Vaults:5 | XOM: silly message
 61142 | Vaults:5 | Reached skill level 11 in Ice Magic
 61168 | Vaults:5 | Identified the +8 scale mail of the Serpent {rN+}
 61759 | Vaults:5 | XOM: god gift: scroll of poison
 62488 | Vaults:5 | XOM: 3-stop teleportation journey
 62690 | Vaults:5 | XOM: summons 1 hostile shadow creature
 63015 | Vaults:5 | XOM: give mutations
 63015 | Vaults:5 | Gained mutation: Your flesh is very heat resistant. (rF++)
                  | [Xom's mischief]
 63015 | Vaults:5 | Gained mutation: Your spells are harder to cast, but more
                  | powerful. [Xom's mischief]
 63015 | Vaults:5 | Gained mutation: You occasionally lose the ability to drink
                  | potions when taking damage. [Xom's mischief]
 63235 | D:14     | Killed stendehmen's ghost
 63239 | D:14     | Reached skill level 12 in Ice Magic
 63392 | Depths:2 | Found the +7 lajatang of Order {silver, rMut}
 63404 | Depths:2 | Found a runed translucent door.
 63482 | Depths:2 | XOM: silly message
 63493 | Depths:2 | XOM: noise
 63514 | Depths:2 | XOM: silly message
 63860 | Depths:4 | Killed Sojobo
 63860 | Depths:4 | XOM: enchant monster (bad)
 64121 | Depths:4 | Noticed Grunn
 64122 | Depths:4 | XOM: 1-stop teleportation journey
 64167 | Depths:4 | XOM: cast spell 'Monstrous Menagerie'
 64175 | Depths:4 | Reached skill level 13 in Ice Magic
 64178 | Depths:4 | Killed Grunn
 64195 | Depths:4 | Identified the staff of the Sky {+Blink rC+ Str-2 Dex+2
                  | Stlth+ Ice}
 64269 | Depths:4 | XOM: fog
 64424 | Depths:4 | XOM: give mutations
 64424 | Depths:4 | Gained mutation: You have an increased reservoir of magic.
                  | (+10% MP) [Xom's grace]
 64424 | Depths:4 | Gained mutation: You have hidden genetic potential. [Xom's
                  | grace]
 64424 | Depths:4 | Gained mutation: Your system is resistant to poisons.
                  | (rPois) [Xom's grace]
 64424 | Depths:4 | Gained mutation: You have a considerably increased
                  | reservoir of magic. (+20% MP) [Xom's grace]
 64447 | Depths:4 | Reached XP level 25. HP: 91/115 MP: 30/51
 64676 | Depths:4 | Found a gate to the Realm of Zot.
 64752 | Depths:4 | XOM: summons 3 hostile demons
 64832 | Depths:4 | Reached skill level 14 in Ice Magic
 64832 | Depths:4 | XOM: confusion (+ monsters)
 64926 | Zot:1    | Entered Level 1 of the Realm of Zot
 65262 | Lair:5   | Found a staircase to the Slime Pits.
 65272 | Lair:5   | Learned a level 1 spell: Apportation
 65360 | Lair:1   | XOM: silly message
 65512 | D:15     | XOM: cloud trail
 65621 | Zot:1    | XOM: divination: detect items
 65633 | Zot:1    | XOM: potion effect (heal wounds)
 65671 | Depths:4 | XOM: silly message
 65725 | Zot:2    | Noticed an orb of fire
 65729 | Zot:2    | Gained mutation: You occasionally shout uncontrollably at
                  | your foes. [an orb of fire]
 65729 | Zot:2    | Gained mutation: You are frail. (-10% HP) [an orb of fire]
 65740 | Zot:2    | Killed an orb of fire
 65743 | Zot:2    | XOM: noise
 65750 | Zot:2    | XOM: polymorph white draconian -> storm dragon
 65835 | Zot:2    | Reached skill level 1 in Earth Magic
 65845 | Zot:2    | Reached skill level 2 in Earth Magic
 65851 | Zot:2    | XOM: summons 1 friendly demon
 65927 | Zot:2    | XOM: fog
 65943 | Zot:2    | Reached skill level 3 in Earth Magic
 65982 | Zot:2    | XOM: give mutations
 65982 | Zot:2    | Gained mutation: You are strong-willed. (Will+) [Xom's
                  | grace]
 65982 | Zot:2    | Lost mutation: You have hidden genetic potential. [Xom's
                  | grace]
 65982 | Zot:2    | Gained mutation: You are somewhat resistant to further
                  | mutation. [Xom's grace]
 65982 | Zot:2    | Lost mutation: You are frail. (-10% HP) [Xom's grace]
 65989 | Zot:2    | Reached skill level 4 in Earth Magic
 66024 | Zot:3    | XOM: fog
 66054 | Zot:3    | Reached skill level 5 in Earth Magic
 66089 | Zot:4    | XOM: noise
 66217 | Zot:4    | Reached skill level 6 in Earth Magic
 66462 | Zot:4    | XOM: give mutations
 66462 | Zot:4    | Gained mutation: A frigid envelope surrounds you and
                  | freezes all who hurt you. [Xom's grace]
 66462 | Zot:4    | Gained mutation: You are partially covered in iridescent
                  | scales. (AC +2) [Xom's grace]
 66462 | Zot:4    | Gained mutation: You have a greatly increased reservoir of
                  | magic. (+30% MP) [Xom's grace]
 66462 | Zot:4    | Gained mutation: You are highly strong-willed. (Will++)
                  | [Xom's grace]
 66484 | Zot:4    | XOM: divination: detect items
 66613 | Zot:4    | Reached skill level 7 in Earth Magic
 66748 | Zot:4    | Reached skill level 8 in Earth Magic
 66752 | Zot:4    | XOM: god gift: 33 gold pieces
 66801 | Zot:4    | XOM: 6-stop teleportation journey
 66919 | Zot:4    | XOM: 3-stop teleportation journey
 66981 | Zot:4    | Reached skill level 9 in Earth Magic
 67136 | Zot:4    | XOM: cast spell 'Monstrous Menagerie'
 67141 | Zot:4    | Reached skill level 10 in Earth Magic
 67206 | Zot:4    | XOM: potion effect (invisibility)
 67271 | Zot:4    | XOM: scenery: summon butterflies
 67372 | Zot:4    | XOM: give mutation
 67372 | Zot:4    | Gained mutation: Your flesh is almost immune to the effects
                  | of heat. (rF+++) [Xom's grace]
 67488 | Zot:4    | XOM: divination: detect items
 67766 | Zot:5    | Entered Level 5 of the Realm of Zot
 67851 | Zot:5    | XOM: divination: detect creatures
 68039 | Zot:5    | XOM: give mutations
 68039 | Zot:5    | Lost mutation: You have a greatly increased reservoir of
                  | magic. (+30% MP) [Xom's mischief]
 68039 | Zot:5    | Lost mutation: You are partially covered in iridescent
                  | scales. (AC +2) [Xom's mischief]
 68064 | Zot:5    | XOM: silly message
 68121 | Zot:5    | XOM: 1-stop teleportation journey
 68130 | Zot:5    | XOM: scenery: summon butterflies
 68134 | Zot:5    | XOM: 1-stop teleportation journey
 68281 | Zot:5    | Reached skill level 11 in Earth Magic
 68333 | Zot:5    | Noticed an ancient lich
 68333 | Zot:5    | Noticed an orb of fire
 68333 | Zot:5    | Noticed a dread lich
 68333 | Zot:5    | Noticed an ancient lich
 68333 | Zot:5    | Noticed a dread lich
 68333 | Zot:5    | Noticed a Killer Klown
 68334 | Zot:5    | XOM: scenery: summon butterflies
 68334 | Zot:5    | Noticed a dread lich
 68336 | Zot:5    | Lost mutation: Your spells are harder to cast, but more
                  | powerful. [an orb of fire]
 68338 | Zot:5    | Got the Orb of Zot
 68339 | Zot:5    | Noticed a dread lich
 68339 | Zot:5    | Noticed a Killer Klown
 68339 | Zot:5    | Noticed a dread lich
 68340 | Zot:5    | XOM: potion effect (heal wounds)
 68340 | Zot:5    | Noticed an orb of fire
 68374 | Zot:5    | Noticed Ilakodgh the pandemonium lord
 68486 | Zot:2    | Reached skill level 12 in Earth Magic
 68574 | Depths:1 | Noticed Roenuf the pandemonium lord
 68875 | D:$      | Escaped with the Orb!

Illustrated notes

Levels and vault maps discovered:
D:1:      minmay_arrival_four_houses, layout_basic, minmay_tromino_v4_b
D:2:      layout_basic, basic_altar, roderic_lattice_a, roderic_roman_lattice
D:3:      layout_loops_cross, nicolae_overflow_ecumenical_swirl,
          basic_ecumenical_altar, palyth_stone_intersect
D:4:      layout_gridville, uniq_duvessa
D:5:      layout_gridville, ebering_ghost_sewer_d, uniq_edmund
D:6:      layout_rooms, general_overflow_altar, grunt_decor_mini_mirrors,
          grunt_decor_cap, lightli_orcish_oven
D:7:      layout_basic, mainiacjoe_overflow_paths, elyvilon_altar_4,
          kennysheep_mini_moat, minmay_temple_entry_enclosed_plants,
          chequers_serial_rivers_small_a, chequers_serial_rivers_micro_c
D:8:      layout_basic, grunt_temple_overflow_open, david_lair_generic,
          nrook_campfire, uniq_maurice
D:9:      layout_roguey, david_orc_5, grunt_decor_resistance,
          skrybe_limestone_x, feat_on_display, uniq_erolcha, uniq_amaemon,
          uniq_jeremiah
D:10:     layout_gridville, grunt_temple_overflow_forces_of_nature, minmay_puff,
          uniq_harold, uniq_snorg, uniq_erica
D:11:     layout_cave_pools, minmay_misc_feat_cross, minmay_misc_feat_iff,
          uniq_gastronok, uniq_sonja
D:12:     layout_roguey, uniq_rupert
D:13:     layout_irregular_city, erik_vaults_2, serial_shops,
          nicolae_shop_back_alley_shop
D:14:     layout_stronghold, gammafunk_ghost_wrathful_warriors,
          nicolae_dithmenos_shadow_blocks
D:15:     gammafunk_enter_depths_forms, layout_irregular_city,
          minmay_gold_behind_fungi
Lair:1:   layout_loops_ring, st_stairs_7, nzn_sisyphean_effort
Lair:2:   layout_cave_pods, minmay_swamp_entry_worms,
          minmay_snake_entry_guardpost_small, nicolae_lair_lakeside_cave,
          lemuel_fruit_fields, infiniplex_staircase_pool, lemuel_fruit_fields
Lair:3:   layout_regular_city
Lair:4:   layout_big_grid, serial_bayou, serial_bayou_crossing,
          serial_bayou_ford_a, serial_bayou_pond_a, serial_bayou_lagoon_b,
          serial_bayou_shore_b, uniq_urug
Lair:5:   grunt_lair_end_beastmaster, layout_hall_layers,
          minmay_slime_entry_oklob_open, nicolae_lair_lil_pond,
          infiniplex_staircase_pool_2, uniq_kirke
Swamp:1:  nicolae_swamp_ascending_descending, layout_basic_swamp,
          evilmike_swamp_ruin_rubble_1, swamp_pool_4
Swamp:2:  nicolae_swamp_secret_spriggan_hideout, layout_falls_marsh,
          evilmike_swamp_ruin_house_1, swamp_pool_4, nicolae_swamp_baby_hydras
Swamp:3:  layout_falls_marsh, portal_ice_cave_entry_ice_simulacra,
          evilmike_swamp_ruin_wall
Swamp:4:  swamp_vile, layout_basic_swamp, uniq_nikola
Snake:1:  layout_misc_corridors, serial_shops, nicolae_shop_advertising_works
          [nicolae_subvault_shop_adworks], shop, nicolae_shop_vocational,
          uniq_asterion
Snake:2:  layout_chambers
Snake:3:  layout_misc_corridors, grunt_ministairs_8, nicolae_snake_linked_coils,
          drop_trap, uniq_aizul, uniq_louise, uniq_mlioglotl
Snake:4:  grunt_snake_rune_pools, layout_concentric_octagons,
          gammafunk_ghost_abyssal_escape, uniq_agnes, uniq_vashnia
Orc:1:    layout_caves, serial_shops, nicolae_shop_back_alley_shop, mines1_david
Orc:2:    st_orc_ogre_mass, layout_diamond_mine, serial_shops,
          nicolae_shop_bloodbath_and_beyond
Elf:1:    eino_elf_arrival_customs, layout_gridlike, serial_shops, shop,
          minivault_28, nicolae_gammafunk_elf_defective_weapons_storage
Elf:2:    elven_hall_of_blades_hangedman_alternative [nicolae_blade_bullseye],
          layout_gridlike, serial_shops, shop, minivault_16
Elf:3:    minmay_elf_hall_statues, layout_loops_corners, uniq_donald
Vaults:1: v_rooms_4, st_cells, vaults_dpeg_cross, v_misc_13,
          nicolae_vaults_two_Ls, ontoclasm_vaults_gateway,
          nicolae_vaults_alarming, vaults_room_corners, vaults_mumra_minichess,
          vaults_standard_mumra_enter_the_diamond, layout_vaults_omnicross
Vaults:2: nicolae_vaults_little_squares_5, nicolae_vaults_stepped_doors,
          grunt_vaults_twisty, v_misc_5, nicolae_vaults_big_ls,
          nicolae_vaults_shipping_containers_6, v_misc_9, v_pattern_4,
          nicolae_vaults_little_ls, nicolae_vaults_asterisk,
          nicolae_vaults_trapezoid_2, layout_vaults_chaotic_city, serial_shops,
          shop, uniq_frederick
Vaults:3: minmay_crypt_entry_simple_walls, nicolae_vaults_octothorpe,
          nicolae_vaults_windows_and_doors_thing,
          nicolae_vaults_layer_cake_slice, nicolae_vaults_little_squares_2,
          vaults_room_door_ring, vaults_dpeg_encased_lava,
          layout_vaults_quadrants, serial_shops, nicolae_shop_just_a_little_nook
Vaults:4: nicolae_vaults_ring_of_whatevers, vaults_dpeg_doors,
          ontoclasm_vaults_shuriken, vaults_room_semicircle,
          nicolae_vaults_shipping_containers_7,
          nicolae_vaults_network_periphery, hangedman_vaults_corner,
          nicolae_vaults_house_3, grunt_vaults_swirl,
          nicolae_vaults_tetromino_L_2, v_pattern_1,
          nicolae_vaults_tetromino_L_2, grunt_vaults_bifocal,
          nicolae_vaults_storage_closets_2, v_misc_29, layout_vaults_omnibox
Vaults:5
Crypt:1:  layout_misc_corridors, grunt_crypt_arrival_split, grunt_megastairs_3
Crypt:2:  layout_rooms, serial_library_regret_index_split_case, uniq_margery,
          uniq_vv
Crypt:3:  due_elkab, layout_chaotic_city, tomb_entry_forgotten_bobbens
Depths:1: layout_cave_pools, chequers_decorated_corner, serial_shops, shop,
          abyss_entry_crystal, serial_library,
          serial_library_regret_index_small_wings,
          serial_library_hellmonk_u_bend, serial_library_hellmonk_junction,
          serial_library_hellmonk_hallway_a, serial_library_hellmonk_metal_room,
          serial_library_hellmonk_room_a, serial_library_hellmonk_big_corner,
          hell_entry, grunt_decor_clamped,
          nicolae_hepliaklqana_monster_ancestors
Depths:2: minmay_the_grid_triangle_9x9_recursive_2
          [minmay_the_grid_triangle_9x9_prize_insulated,
          minmay_the_grid_triangle_9x9_subtriangle,
          minmay_the_grid_triangle_9x9_alien,
          minmay_the_grid_triangle_9x9_negative_grid], layout_honeycomb,
          grunt_pan_entry_in_and_out, hell_entry, kennysheep_generic_room_15,
          infiniplex_staircase_pillars_2
Depths:3: lemuel_river_lethe, hell_entry, serial_shops, abyss_entry
Depths:4: grunt_zot_entry_pinwheel, layout_cave_shapes, serial_shops,
          nicolae_shop_tiny_real_fake_doors, rand_demon_pan_entry_7,
          fedhas_altar_2, hell_entry, kennysheep_underground_church,
          uniq_sojobo, uniq_boris, uniq_josephina, uniq_grunn, uniq_jory
Zot:1:    layout_basic, nicolae_zig_zag_zippers
Zot:2:    layout_basic, gammafunk_ghost_arena
Zot:3:    layout_gridlike, hangedman_zot_decor_checkerboard, grunt_megastairs_5
Zot:4:    kennysheep_blocky_room, layout_cathedral_of_symmetry,
          regret_index_zotdec_silver_v_v_orig_slice, evilmike_ambush
          [evilmike_ambush_outer_pillars, evilmike_ambush_inner_basic]
Zot:5:    layout_gridlike

Skill      XL: |  1  2  3  4  5  6  7  8  9 10 11 12 13 14 15 16 17 18 19 20 21 22 23 24 25 |
---------------+----------------------------------------------------------------------------+-----
Stealth        | 2 3 4 6 8 11 14 | 14.9
Dodging        | 4 5 7 8 9 11 14 | 14.9
Unarmed Combat | 4 5 6 8 9 10 11 12 13 14 | 14.9
Spellcasting   | 1 2 4 7 8 9 10 12 13 14 | 14.9
Fighting       | 4 5 7 8 9 11 13 14 | 14.9
Evocations     | 2 5 6 7 9 12 14 | 14.9
Shapeshifting  | 4 11 13 14 | 14.9
Translocations | 6 10 13 14 | 14.9
Air Magic      | 4 6 |  6.0
Necromancy     | 3 6 10 14 | 14.9
Ice Magic      | 4 7 13 14 | 14.9
Transmutations | 7 14 | 14.9
Conjurations   | 4 8 13 14 | 14.9
Earth Magic    | 12 | 12.2

Action                     |  1- 3 |  4- 6 |  7- 9 | 10-12 | 13-15 | 16-18 | 19-21 | 22-24 | 25-27 || total
---------------------------+-------+-------+-------+-------+-------+-------+-------+-------+-------++-------
  Melee: Unarmed           |   143 |   141 |   263 |   579 |   942 |  1599 |  1483 |  1736 |   484 ||  7370
         Bite              |    12 |    17 |    35 |    81 |   146 |   268 |   280 |   385 |    93 ||  1317
         Punch             |     3 |     9 |    12 |    57 |    75 |   168 |   201 |   308 |    82 ||   915
         Headbutt          |       |       |       |       |       |   108 |   399 |       |       ||   507
   Cast: Vhi's Electric Ch |       |       |       |       |     2 |    72 |   140 |    40 |    36 ||   290
         Death Channel     |       |       |       |       |       |       |    25 |    11 |     7 ||    43
         Ozocubu's Armour  |       |       |       |       |       |       |     2 |    11 |     4 ||    17
         Lesser Beckoning  |       |       |       |       |       |       |    34 |    77 |    25 ||   136
         Borgnjor's Vile C |       |       |       |       |       |       |    17 |    32 |     9 ||    58
         Dispel Undead     |       |       |       |       |       |       |     5 |    84 |     3 ||    92
         Irradiate         |       |       |       |       |       |       |       |    65 |    21 ||    86
         Cause Fear        |       |       |       |       |       |       |       |     1 |       ||     1
  Evoke: Wand              |       |       |     7 |    32 |     2 |    18 |    16 |    32 |    15 ||   122
         Tin of tremorston |       |       |       |     1 |     2 |     5 |     4 |     5 |       ||    17
         Phial of floods   |       |       |       |       |       |       |       |     1 |       ||     1
         Phantom mirror    |       |       |       |       |       |       |       |     1 |       ||     1
    Use: Scroll            |     2 |     4 |     9 |     9 |    11 |     7 |     7 |     9 |    13 ||    71
         Potion            |       |       |     4 |     5 |     1 |     6 |    12 |     6 |    16 ||    50
   Stab: Sleeping          |     9 |     8 |     2 |     7 |     9 |    14 |    26 |     8 |     4 ||    87
         Distracted        |     1 |       |       |       |     4 |     9 |    12 |     9 |     5 ||    40
         Invisible         |       |       |     1 |     2 |     1 |     2 |     4 |     6 |    10 ||    26
         Paralysed         |       |       |       |     5 |       |     2 |     2 |     2 |     6 ||    17
         Confused          |       |       |       |     3 |       |     2 |     1 |     6 |       ||    12
         Petrified         |       |       |       |       |     4 |     1 |       |     1 |       ||     6
         Petrifying        |       |       |       |       |     1 |       |       |       |       ||     1
 Armour: Skin              |    40 |    51 |    96 |   229 |   557 |   942 |   734 |   729 |   255 ||  3633
  Dodge: Dodged            |   103 |   118 |   297 |   613 |  1672 |  3289 |  2583 |  3504 |  1055 || 13234
  Block: Other             |       |       |       |       |       |    83 |   298 |   191 |    40 ||   612
   Form: Statue            |       |       |       |     1 |       |       |       |       |       ||     1

Table legend: (Time is in decaauts)
 A = Elapsed time spent in this place.
 B = Non-inter-level travel time spent in this place.
 C = Inter-level travel time spent in this place.
 D = Time resting spent in this place.
 E = Time spent auto-exploring this place.
 F = Levels seen in this place.
 G = Mean time per level.
                   A        B        C        D        E       F      G
               +--------+--------+--------+--------+--------+-----+--------+
         Total |  92127 |  82691 |   9436 |  17631 |  44356 |  50 | 1842.5 |
       Dungeon |  19876 |  15943 |   3933 |   2105 |  10007 |  15 | 1325.1 |
          Lair |   9769 |   8848 |    921 |   1995 |   4816 |   5 | 1953.8 |
         Swamp |   6750 |   6554 |    196 |   2073 |   3017 |   4 | 1687.5 |
     Snake Pit |   7986 |   7494 |    492 |   1089 |   4462 |   4 | 1996.5 |
  Orcish Mines |   2901 |   2292 |    609 |    190 |   1573 |   2 | 1450.5 |
   Elven Halls |   8458 |   7944 |    514 |   3166 |   3103 |   3 | 2819.3 |
        Vaults |  14455 |  13097 |   1358 |   1509 |   8539 |   5 | 2891.0 |
         Crypt |   6106 |   5719 |    387 |    960 |   2842 |   3 | 2035.3 |
        Depths |  11790 |  11080 |    710 |   3871 |   4239 |   4 | 2947.5 |
           Zot |   4033 |   3721 |    312 |    670 |   1755 |   5 |  806.6 |
               +--------+--------+--------+--------+--------+-----+--------+

Top non-repeatable levels by time:
   Elf:3: 4665 daAuts
Vaults:5: 4432 daAuts
Depths:3: 3983 daAuts
Vaults:2: 3233 daAuts
  Lair:5: 3149 daAuts
Depths:2: 2925 daAuts
 Snake:4: 2818 daAuts
Depths:4: 2733 daAuts
 Swamp:4: 2545 daAuts
Vaults:1: 2542 daAuts
 Crypt:3: 2537 daAuts
    D:15: 2468 daAuts
Vaults:3: 2453 daAuts
 Crypt:1: 2430 daAuts
   Zot:4: 2348 daAuts

Table legend:
 A = Kills in this place as a percentage of kills in the entire game.
 B = Kills by you in this place as a percentage of kills by you in the entire game.
 C = Kills by friends in this place as a percentage of kills by friends in the entire game.
 D = Other kills in this place as a percentage of other kills in the entire game.
 E = Experience gained in this place as a percentage of experience gained in the entire game.
 F = Experience gained in this place divided by the number of levels of this place that you have seen.
                   A       B       C       D       E      F
               +-------+-------+-------+-------+-------+----------------------
         Total | 100.0 | 100.0 | 100.0 | 100.0 | 100.0 | 26299.7
       Dungeon |  17.7 |  17.5 |  24.3 |  17.6 |   6.3 | 5491.1
          Lair |   7.3 |   7.0 |  18.6 |   0.0 |   4.3 | 11209.6
         Swamp |   7.2 |   7.2 |   4.3 |  23.5 |   6.7 | 22145.0
     Snake Pit |  10.0 |  10.2 |   5.7 |   5.9 |   8.5 | 27966.5
  Orcish Mines |   4.0 |   4.1 |   0.0 |   5.9 |   1.7 | 11226.5
   Elven Halls |   7.8 |   7.9 |   2.9 |  17.6 |   9.2 | 40232.7
        Vaults |  17.7 |  17.8 |  20.0 |   0.0 |  23.3 | 61342.6
         Crypt |   9.9 |  10.2 |   0.0 |  11.8 |  10.8 | 47189.7
        Depths |  12.9 |  12.6 |  20.0 |  11.8 |  17.9 | 58984.8
           Zot |   5.4 |   5.5 |   4.3 |   5.9 |  11.3 | 29750.8
               +-------+-------+-------+-------+-------+----------------------
